Workbook
Name _msoanchor_6: #REF!
Name Agora_KN45__2024: 'Gas-Strom-Vergleich'!$C$23:$R$23
Name Ariadne_Report__2025: 'Gas-Strom-Vergleich'!$C$22:$R$22
Name dena_Biomethan: 'Gas-Strom-Vergleich'!$C$3:$R$3
Name Langfristszenarien__2024: 'Gas-Strom-Vergleich'!$C$24:$R$24
Name Median: 'Gas-Strom-Vergleich'!$C$6:$R$6
Name Projektionsbericht__2026: 'Gas-Strom-Vergleich'!$C$25:$R$25

Sheet Deckblatt
B2: Datenkatalog Preisszenarien
B4: Grundlage für den Szenariovergleich sind vier Studien aus dem Monitoringbericht der Bundesregierung zur Energiewende (EWI/BET 2026):
B5: Ariadne-Report (2025) Luderer, G. et al. (2025): Ariadne-Report: Szenarien zur Klimaneutralität 2045. Kopernikus-Projekt Ariadne, Potsdam. Agora-KN45 (2024) Prognos, Öko-Institut, Wuppertal Institut, Universität Kassel (2024): Klimaneutrales Deutschland – Von der Zielsetzung zur Umsetzung. Im Auftrag der Agora Think Tanks, Berlin. Oktober 2024. Agora-WN (2024) Agora Energiewende, Prognos, GEF (2024): Wärmenetze – klimaneutral, wirtschaftlich und bezahlbar. Wie kann ein zukunftssicherer Business Case aussehen? BMWE-Langfristszenarien (2024) Fraunhofer ISI Consentec, ifeu, BMWK (2024): Langfristszenarien 3 des BMWK. Im Auftrag des Bundesministeriums für Wirtschaft und Klimaschutz, Berlin. UBA-Projektionsbericht (2026) Umweltbundesamt (2026): Rahmendaten und Endverbrauchspreise für die Treibhausgas-Projektionen 2026, 2. Auflage. UBA, Dessau-Roßlau. Februar/März 2026.
B7: Autorinnen und Autoren:
B8: Sinja Rostalski, Moritz Zöphel, Dr. Anne Berner
B11: Haftungsausschluss:
B12: Die in diesem Datenkatalog enthaltenen Informationen, Daten und technischen Angaben wurden mit größtmöglicher Sorgfalt zusammengestellt. Dennoch kann keine Gewähr für die Richtigkeit, Vollständigkeit, Aktualität oder Anwendbarkeit der Inhalte übernommen werden. Die Herausgeber übernehmen keine Haftung für direkte oder indirekte Schäden, die aus der Nutzung der oder dem Vertrauen auf die Inhalte dieses Katalogs entstehen. Alle Nutzerinnen und Nutzer sind angehalten, die im Katalog genannten Daten im konkreten Anwendungsfall eigenverantwortlich zu prüfen.
B14: Stand:
B15: aktuell: erste Version – 06/2026
B18: Bitte zitieren als:
B19: Deutsche Energie-Agentur (dena, 2026): Datenkatalog Preisszenarien. Berlin.
B21: Bei Interesse und Rückfagen wenden Sie sich gerne an uns:
... B25: 10115 Berlin

Sheet Inhalt
B2: Inhaltsverzeichnis
B4: Übersicht
D5: Dashboard
B6: Preisdaten
C7: Tabelle 1 | D7: Erdgas und Methan
C8: Tabelle 2 | D8: Strom
C9: Tabelle 3 | D9: Geizöl und Erdölprodukte
C10: Tabelle 4 | D10: Biomasse
C11: Tabelle 5 | D11: Fernwärme
C12: Tabelle 6 | D12: Wasserstoff
C13: Tabelle 7 | D13: EU-ETS-2
B14: Anhang
C15: A1 | D15: Harmonisierter Verbraucherpreisindex
C16: A2 | D16: Rohdaten und Quellen

Sheet Dashboard 
B1: Gaspreise
B26: Strompreise
B53: Ölpreise
B80: Biomassepreise
B107: Fernwärmepreise
B134: Wasserstoffpreise
B161: EU ETS 2

Sheet 01_Gas
A1: zum Inhalt
A4: Erdgaspreis
A5: Szenario | C5: Einheit | D5: 2025 | E5: 2026 | F5: 2027 | G5: 2028 | H5: 2029 | I5: 2030 | J5: 2031 | K5: 2032 | L5: 2033 | M5: 2034 | N5: 2035 | O5: 2036 | P5: 2037 | Q5: 2038 | R5: 2039 | S5: 2040 | T5: 2041 | U5: 2042 | V5: 2043 | W5: 2044 | X5: 2045 | Y5: 2046 | Z5: 2047 | AA5: 2048 | AB5: 2049 | AC5: 2050 | AD5: Anmerkung
A6: UBA-Projektionsbericht (2026) | B6: Erdgas Haushalte (20-200GJ) | C6: EUR2023/MWh | D6: =A2_Rohdaten!E4*A1_HVPI!$D$16 -> 126.27995 | E6: =A2_Rohdaten!F4*A1_HVPI!$D$16 -> 118.45514 | F6: =A2_Rohdaten!G4*A1_HVPI!$D$16 -> 118.6893 | G6: =A2_Rohdaten!H4*A1_HVPI!$D$16 -> 118.1722 | H6: =A2_Rohdaten!I4*A1_HVPI!$D$16 -> 117.8795 | I6: =A2_Rohdaten!J4*A1_HVPI!$D$16 -> 117.34288 | J6: =A2_Rohdaten!K4*A1_HVPI!$D$16 -> 118.70881 | K6: =A2_Rohdaten!L4*A1_HVPI!$D$16 -> 121.4114 | ... AC6: =A2_Rohdaten!AD4*A1_HVPI!$D$16 -> 178.35104 | AD6: =""
B7: davon Beschaffung und Vertrieb | C7: EUR2023/MWh | D7: =A2_Rohdaten!E5*A1_HVPI!$D$16 -> 59.925168 | E7: =A2_Rohdaten!F5*A1_HVPI!$D$16 -> 52.968697 | F7: =A2_Rohdaten!G5*A1_HVPI!$D$16 -> 48.978239 | G7: =A2_Rohdaten!H5*A1_HVPI!$D$16 -> 44.47068 | H7: =A2_Rohdaten!I5*A1_HVPI!$D$16 -> 40.25582 | I7: =A2_Rohdaten!J5*A1_HVPI!$D$16 -> 35.884853 | J7: =A2_Rohdaten!K5*A1_HVPI!$D$16 -> 33.982312 | K7: =A2_Rohdaten!L5*A1_HVPI!$D$16 -> 33.250565 | ... AC7: =A2_Rohdaten!AD5*A1_HVPI!$D$16 -> 30.069907
B8: davon CO2-Preisaufschlag | C8: EUR2023/MWh | D8: =A2_Rohdaten!E6*A1_HVPI!$D$16 -> 10.420072 | E8: =A2_Rohdaten!F6*A1_HVPI!$D$16 -> 11.961618 | F8: =A2_Rohdaten!G6*A1_HVPI!$D$16 -> 14.29345 | G8: =A2_Rohdaten!H6*A1_HVPI!$D$16 -> 16.498447 | H8: =A2_Rohdaten!I6*A1_HVPI!$D$16 -> 18.59612 | I8: =A2_Rohdaten!J6*A1_HVPI!$D$16 -> 20.615741 | J8: =A2_Rohdaten!K6*A1_HVPI!$D$16 -> 22.576822 | K8: =A2_Rohdaten!L6*A1_HVPI!$D$16 -> 24.469606 | ... AC8: =A2_Rohdaten!AD6*A1_HVPI!$D$16 -> 48.968482
B9: davon Energiesteuer/Konzessionsabgabe/Gasspeicherumlage | C9: EUR2023/MWh | D9: =A2_Rohdaten!E7*A1_HVPI!$D$16 -> 9.5614889 | E9: =A2_Rohdaten!F7*A1_HVPI!$D$16 -> 6.390587 | F9: =A2_Rohdaten!G7*A1_HVPI!$D$16 -> 6.2247244 | G9: =A2_Rohdaten!H7*A1_HVPI!$D$16 -> 6.0783751 | H9: =A2_Rohdaten!I7*A1_HVPI!$D$16 -> 5.9320258 | I9: =A2_Rohdaten!J7*A1_HVPI!$D$16 -> 5.8149463 | J9: =A2_Rohdaten!K7*A1_HVPI!$D$16 -> 5.6978669 | K9: =A2_Rohdaten!L7*A1_HVPI!$D$16 -> 5.6003006 | ... AC9: =A2_Rohdaten!AD7*A1_HVPI!$D$16 -> 4.3124266
B10: davon Netzentgelte | C10: EUR2023/MWh | D10: =A2_Rohdaten!E8*A1_HVPI!$D$16 -> 26.206285 | E10: =A2_Rohdaten!F8*A1_HVPI!$D$16 -> 28.225906 | F10: =A2_Rohdaten!G8*A1_HVPI!$D$16 -> 30.245526 | G10: =A2_Rohdaten!H8*A1_HVPI!$D$16 -> 32.25539 | H10: =A2_Rohdaten!I8*A1_HVPI!$D$16 -> 34.275011 | I10: =A2_Rohdaten!J8*A1_HVPI!$D$16 -> 36.294631 | J10: =A2_Rohdaten!K8*A1_HVPI!$D$16 -> 37.504452 | K10: =A2_Rohdaten!L8*A1_HVPI!$D$16 -> 38.714273 | ... AC10: =A2_Rohdaten!AD8*A1_HVPI!$D$16 -> 66.530401 | AD10: =""
B11: davon MWST | C11: EUR2023/MWh | D11: =A2_Rohdaten!E9*A1_HVPI!$D$16 -> 20.15718 | E11: =A2_Rohdaten!F9*A1_HVPI!$D$16 -> 18.918089 | F11: =A2_Rohdaten!G9*A1_HVPI!$D$16 -> 18.947359 | G11: =A2_Rohdaten!H9*A1_HVPI!$D$16 -> 18.869306 | H11: =A2_Rohdaten!I9*A1_HVPI!$D$16 -> 18.820523 | I11: =A2_Rohdaten!J9*A1_HVPI!$D$16 -> 18.732713 | J11: =A2_Rohdaten!K9*A1_HVPI!$D$16 -> 18.957115 | K11: =A2_Rohdaten!L9*A1_HVPI!$D$16 -> 19.386407 | ... AC11: =A2_Rohdaten!AD9*A1_HVPI!$D$16 -> 28.479578 | AD11: =""
B12: Erdgas Industrie I3 (10.000-100.000 GJ) - Endverbraucherpreis | C12: EUR2023/MWh | D12: =A2_Rohdaten!E4*A1_HVPI!$D$16 -> 126.27995 | E12: =A2_Rohdaten!F4*A1_HVPI!$D$16 -> 118.45514 | F12: =A2_Rohdaten!G4*A1_HVPI!$D$16 -> 118.6893 | G12: =A2_Rohdaten!H4*A1_HVPI!$D$16 -> 118.1722 | H12: =A2_Rohdaten!I4*A1_HVPI!$D$16 -> 117.8795 | I12: =A2_Rohdaten!J4*A1_HVPI!$D$16 -> 117.34288 | J12: =A2_Rohdaten!K4*A1_HVPI!$D$16 -> 118.70881 | K12: =A2_Rohdaten!L4*A1_HVPI!$D$16 -> 121.4114 | ... AC12: =A2_Rohdaten!AD4*A1_HVPI!$D$16 -> 178.35104
B13: davon Beschaffung und Vertrieb | C13: EUR2023/MWh | D13: =A2_Rohdaten!E5*A1_HVPI!$D$16 -> 59.925168 | E13: =A2_Rohdaten!F5*A1_HVPI!$D$16 -> 52.968697 | F13: =A2_Rohdaten!G5*A1_HVPI!$D$16 -> 48.978239 | G13: =A2_Rohdaten!H5*A1_HVPI!$D$16 -> 44.47068 | H13: =A2_Rohdaten!I5*A1_HVPI!$D$16 -> 40.25582 | I13: =A2_Rohdaten!J5*A1_HVPI!$D$16 -> 35.884853 | J13: =A2_Rohdaten!K5*A1_HVPI!$D$16 -> 33.982312 | K13: =A2_Rohdaten!L5*A1_HVPI!$D$16 -> 33.250565 | ... AC13: =A2_Rohdaten!AD5*A1_HVPI!$D$16 -> 30.069907
B14: davon CO2-Preisaufschlag | C14: EUR2023/MWh | D14: =A2_Rohdaten!E6*A1_HVPI!$D$16 -> 10.420072 | E14: =A2_Rohdaten!F6*A1_HVPI!$D$16 -> 11.961618 | F14: =A2_Rohdaten!G6*A1_HVPI!$D$16 -> 14.29345 | G14: =A2_Rohdaten!H6*A1_HVPI!$D$16 -> 16.498447 | H14: =A2_Rohdaten!I6*A1_HVPI!$D$16 -> 18.59612 | I14: =A2_Rohdaten!J6*A1_HVPI!$D$16 -> 20.615741 | J14: =A2_Rohdaten!K6*A1_HVPI!$D$16 -> 22.576822 | K14: =A2_Rohdaten!L6*A1_HVPI!$D$16 -> 24.469606 | ... AC14: =A2_Rohdaten!AD6*A1_HVPI!$D$16 -> 48.968482
B15: davon Energiesteuer, Konzessionsabgabe, Gasspeicherumlage | C15: EUR2023/MWh | D15: =A2_Rohdaten!E7*A1_HVPI!$D$16 -> 9.5614889 | E15: =A2_Rohdaten!F7*A1_HVPI!$D$16 -> 6.390587 | F15: =A2_Rohdaten!G7*A1_HVPI!$D$16 -> 6.2247244 | G15: =A2_Rohdaten!H7*A1_HVPI!$D$16 -> 6.0783751 | H15: =A2_Rohdaten!I7*A1_HVPI!$D$16 -> 5.9320258 | I15: =A2_Rohdaten!J7*A1_HVPI!$D$16 -> 5.8149463 | J15: =A2_Rohdaten!K7*A1_HVPI!$D$16 -> 5.6978669 | K15: =A2_Rohdaten!L7*A1_HVPI!$D$16 -> 5.6003006 | ... AC15: =A2_Rohdaten!AD7*A1_HVPI!$D$16 -> 4.3124266
B16: davon Netzentgelte | C16: EUR2023/MWh | D16: =A2_Rohdaten!E8*A1_HVPI!$D$16 -> 26.206285 | E16: =A2_Rohdaten!F8*A1_HVPI!$D$16 -> 28.225906 | F16: =A2_Rohdaten!G8*A1_HVPI!$D$16 -> 30.245526 | G16: =A2_Rohdaten!H8*A1_HVPI!$D$16 -> 32.25539 | H16: =A2_Rohdaten!I8*A1_HVPI!$D$16 -> 34.275011 | I16: =A2_Rohdaten!J8*A1_HVPI!$D$16 -> 36.294631 | J16: =A2_Rohdaten!K8*A1_HVPI!$D$16 -> 37.504452 | K16: =A2_Rohdaten!L8*A1_HVPI!$D$16 -> 38.714273 | ... AC16: =A2_Rohdaten!AD8*A1_HVPI!$D$16 -> 66.530401
B17: Erdgas Industrie I6 (> 4.000.000 GJ) - Endverbraucherpreis | C17: EUR2023/MWh | D17: =A2_Rohdaten!E9*A1_HVPI!$D$16 -> 20.15718 | E17: =A2_Rohdaten!F9*A1_HVPI!$D$16 -> 18.918089 | F17: =A2_Rohdaten!G9*A1_HVPI!$D$16 -> 18.947359 | G17: =A2_Rohdaten!H9*A1_HVPI!$D$16 -> 18.869306 | H17: =A2_Rohdaten!I9*A1_HVPI!$D$16 -> 18.820523 | I17: =A2_Rohdaten!J9*A1_HVPI!$D$16 -> 18.732713 | J17: =A2_Rohdaten!K9*A1_HVPI!$D$16 -> 18.957115 | K17: =A2_Rohdaten!L9*A1_HVPI!$D$16 -> 19.386407 | ... AC17: =A2_Rohdaten!AD9*A1_HVPI!$D$16 -> 28.479578
B18: davon Beschaffung und Vertrieb | C18: EUR2023/MWh | D18: =A2_Rohdaten!E10*A1_HVPI!$D$16 -> 84.472827 | E18: =A2_Rohdaten!F10*A1_HVPI!$D$16 -> 74.813772 | F18: =A2_Rohdaten!G10*A1_HVPI!$D$16 -> 74.5601 | G18: =A2_Rohdaten!H10*A1_HVPI!$D$16 -> 72.735612 | H18: =A2_Rohdaten!I10*A1_HVPI!$D$16 -> 71.252606 | I18: =A2_Rohdaten!J10*A1_HVPI!$D$16 -> 69.574467 | J18: =A2_Rohdaten!K10*A1_HVPI!$D$16 -> 70.384266 | K18: =A2_Rohdaten!L10*A1_HVPI!$D$16 -> 71.925812 | ... AC18: =A2_Rohdaten!AD10*A1_HVPI!$D$16 -> 103.06895
B19: davon Energiesteuer, Konzessionsabgabe, Gasspeicherumlage | C19: EUR2023/MWh | D19: =A2_Rohdaten!E11*A1_HVPI!$D$16 -> 54.744402 | E19: =A2_Rohdaten!F11*A1_HVPI!$D$16 -> 45.91466 | F19: =A2_Rohdaten!G11*A1_HVPI!$D$16 -> 42.675462 | G19: =A2_Rohdaten!H11*A1_HVPI!$D$16 -> 37.992283 | H19: =A2_Rohdaten!I11*A1_HVPI!$D$16 -> 33.75791 | I19: =A2_Rohdaten!J11*A1_HVPI!$D$16 -> 29.36743 | J19: =A2_Rohdaten!K11*A1_HVPI!$D$16 -> 27.845397 | K19: =A2_Rohdaten!L11*A1_HVPI!$D$16 -> 27.113651 | ... AC19: =A2_Rohdaten!AD11*A1_HVPI!$D$16 -> 23.952505
B20: davon Netzentgelte | C20: EUR2023/MWh | D20: =A2_Rohdaten!E12*A1_HVPI!$D$16 -> 10.420072 | E20: =A2_Rohdaten!F12*A1_HVPI!$D$16 -> 11.961618 | F20: =A2_Rohdaten!G12*A1_HVPI!$D$16 -> 14.29345 | G20: =A2_Rohdaten!H12*A1_HVPI!$D$16 -> 16.498447 | H20: =A2_Rohdaten!I12*A1_HVPI!$D$16 -> 18.59612 | I20: =A2_Rohdaten!J12*A1_HVPI!$D$16 -> 20.615741 | J20: =A2_Rohdaten!K12*A1_HVPI!$D$16 -> 22.576822 | K20: =A2_Rohdaten!L12*A1_HVPI!$D$16 -> 24.469606 | ... AC20: =A2_Rohdaten!AD12*A1_HVPI!$D$16 -> 48.968482
A21: Agora-KN45 (2024) | B21: Erdgas Haushalte | C21: EUR2023/MWh | D21: =A2_Rohdaten!E34/100000 -> 120.89305 | I21: =A2_Rohdaten!J34/100000 -> 130.38005 | N21: =A2_Rohdaten!O34/100000 -> 132.5799 | S21: =A2_Rohdaten!T34/100000 -> 136.36622 | X21: =A2_Rohdaten!Y34/100000 -> 170.12353
B22: davon Beschaffung | C22: EUR2023/MWh | D22: =A2_Rohdaten!E35/100000 -> 39.88864 | I22: =A2_Rohdaten!J35/100000 -> 30.38588 | N22: =A2_Rohdaten!O35/100000 -> 23.42116 | S22: =A2_Rohdaten!T35/100000 -> 22.78897 | X22: =A2_Rohdaten!Y35/100000 -> 22.03173 | AD22: =""
B23: davon Netzentgelt, Messung, Messstellenbetrieb, Vertrieb, Gasspeicherumlage | C23: EUR2023/MWh | D23: =A2_Rohdaten!E36/100000 -> 45.43146 | I23: =A2_Rohdaten!J36/100000 -> 4.93686 | N23: =A2_Rohdaten!O36/100000 -> 0.53298 | S23: =A2_Rohdaten!T36/100000 -> 0.53298 | X23: =A2_Rohdaten!Y36/100000 -> 0.79494 | AD23: =""
B24: davon Energiesteuer | C24: EUR2023/MWh | D24: =A2_Rohdaten!E37/100000 -> 5.21763 | I24: =A2_Rohdaten!J37/100000 -> 4.72475 | N24: =A2_Rohdaten!O37/100000 -> 4.28061 | S24: =A2_Rohdaten!T37/100000 -> 0.38874 | X24: =A2_Rohdaten!Y37/100000 -> 0.35391 | AD24: =""
B25: davon CO2-Preis | C25: EUR2023/MWh | D25: =A2_Rohdaten!E38/100000 -> 11.05308 | I25: =A2_Rohdaten!J38/100000 -> 25.08383 | N25: =A2_Rohdaten!O38/100000 -> 30.41191 | S25: =A2_Rohdaten!T38/100000 -> 34.61909 | X25: =A2_Rohdaten!Y38/100000 -> 37.89612 | AD25: =""
B26: davon Umsatzsteuer | C26: EUR2023/MWh | D26: =A2_Rohdaten!E39/100000 -> 19.30225 | I26: =A2_Rohdaten!J39/100000 -> 20.81698 | N26: =A2_Rohdaten!O39/100000 -> 21.16822 | S26: =A2_Rohdaten!T39/100000 -> 21.77276 | X26: =A2_Rohdaten!Y39/100000 -> 27.16258 | AD26: =""
A27: BMWE-Langfristszenarien (2024) | B27: Gaspreis (O45-Strom) | C27: EUR2023/MWh | D27: =A2_Rohdaten!E19*A1_HVPI!$D$10 -> 120.98656 | I27: =A2_Rohdaten!J19*A1_HVPI!$D$10 -> 116.51006 | N27: =A2_Rohdaten!O19*A1_HVPI!$D$10 -> 145.18387 | S27: =A2_Rohdaten!T19*A1_HVPI!$D$10 -> 193.57849 | AD27: =""
A28: Ariadne-Report (2025) | B28: Haushalte | C28: EUR2023/MWh | D28: =A2_Rohdaten!E20*3.6*A1_HVPI!$D$12 -> 101.66444 | I28: =A2_Rohdaten!J20*3.6*A1_HVPI!$D$12 -> 119.30055 | N28: =A2_Rohdaten!O20*3.6*A1_HVPI!$D$12 -> 142.71548 | S28: =A2_Rohdaten!T20*3.6*A1_HVPI!$D$12 -> 179.52871 | X28: =A2_Rohdaten!Y20*3.6*A1_HVPI!$D$12 -> 217.24086 | AD28: inkl CO₂-Preis
A31: Biomethanpreis
A32: Szenario | C32: Einheit | D32: 2025 | E32: 2026 | F32: 2027 | G32: 2028 | H32: 2029 | I32: 2030 | J32: 2031 | K32: 2032 | L32: 2033 | M32: 2034 | N32: 2035 | O32: 2036 | P32: 2037 | Q32: 2038 | R32: 2039 | S32: 2040 | T32: 2041 | U32: 2042 | V32: 2043 | W32: 2044 | X32: 2045 | Y32: 2046 | Z32: 2047 | AA32: 2048 | AB32: 2049 | AC32: 2050 | AD32: Anmerkung
A33: UBA-Projektionsbericht (2026) | B33: Biomethan - Endverbraucherpreis inkl. MwSt. | C33: EUR2023/MWh | D33: =A2_Rohdaten!E21*A1_HVPI!$D$16 -> 189.60136 | E33: =A2_Rohdaten!F21*A1_HVPI!$D$16 -> 173.26132 | F33: =A2_Rohdaten!G21*A1_HVPI!$D$16 -> 171.51669 | G33: =A2_Rohdaten!H21*A1_HVPI!$D$16 -> 168.41089 | H33: =A2_Rohdaten!I21*A1_HVPI!$D$16 -> 165.71667 | I33: =A2_Rohdaten!J21*A1_HVPI!$D$16 -> 166.49777 | J33: =A2_Rohdaten!K21*A1_HVPI!$D$16 -> 167.80233 | K33: =A2_Rohdaten!L21*A1_HVPI!$D$16 -> 171.53001 | ... AC33: =A2_Rohdaten!AD21*A1_HVPI!$D$16 -> 247.82669
AD55: =""

Sheet 02_Strom
A1: zum Inhalt
A4: Strompreis
A5: Szenario | B5: Einheit | C5: N/E | E5: 2025 | F5: 2026 | G5: 2027 | H5: 2028 | I5: 2029 | J5: 2030 | K5: 2031 | L5: 2032 | M5: 2033 | N5: 2034 | O5: 2035 | P5: 2036 | Q5: 2037 | R5: 2038 | S5: 2039 | T5: 2040 | U5: 2041 | V5: 2042 | W5: 2043 | X5: 2044 | Y5: 2045 | Z5: 2046 | AA5: 2047 | AB5: 2048 | AC5: 2049 | AD5: 2050 | AE5: Anmerkung
A6: UBA-Projektionsbericht (2026) | B6: Haushalte Endverbraucherpreis inkl. MwSt. | D6: EUR2023/MWh | E6: =A2_Rohdaten!E40*10*A1_HVPI!$D$16 -> 373.6786 | F6: =A2_Rohdaten!F40*10*A1_HVPI!$D$16 -> 327.82248 | G6: =A2_Rohdaten!G40*10*A1_HVPI!$D$16 -> 312.89485 | H6: =A2_Rohdaten!H40*10*A1_HVPI!$D$16 -> 308.4068 | I6: =A2_Rohdaten!I40*10*A1_HVPI!$D$16 -> 307.5287 | J6: =A2_Rohdaten!J40*10*A1_HVPI!$D$16 -> 321.38311 | K6: =A2_Rohdaten!K40*10*A1_HVPI!$D$16 -> 322.5539 | L6: =A2_Rohdaten!L40*10*A1_HVPI!$D$16 -> 324.50523 | ... AD6: =A2_Rohdaten!AD40*10*A1_HVPI!$D$16 -> 330.6519
B7: davon Beschaffung und Vertrieb | D7: EUR2023/MWh | E7: =A2_Rohdaten!E41*10*A1_HVPI!$D$16 -> 157.27674 | F7: =A2_Rohdaten!F41*10*A1_HVPI!$D$16 -> 130.44603 | G7: =A2_Rohdaten!G41*10*A1_HVPI!$D$16 -> 111.51818 | H7: =A2_Rohdaten!H41*10*A1_HVPI!$D$16 -> 99.127273 | I7: =A2_Rohdaten!I41*10*A1_HVPI!$D$16 -> 90.639012 | J7: =A2_Rohdaten!J41*10*A1_HVPI!$D$16 -> 80.004295 | K7: =A2_Rohdaten!K41*10*A1_HVPI!$D$16 -> 77.467573 | L7: =A2_Rohdaten!L41*10*A1_HVPI!$D$16 -> 77.857838 | ... AD7: =A2_Rohdaten!AD41*10*A1_HVPI!$D$16 -> 79.906729
B8: davon Netzentgelte | D8: EUR2023/MWh | E8: =A2_Rohdaten!E42*10*A1_HVPI!$D$16 -> 116.10379 | F8: =A2_Rohdaten!F42*10*A1_HVPI!$D$16 -> 104.88368 | G8: =A2_Rohdaten!G42*10*A1_HVPI!$D$16 -> 111.61575 | H8: =A2_Rohdaten!H42*10*A1_HVPI!$D$16 -> 120.20157 | I8: =A2_Rohdaten!I42*10*A1_HVPI!$D$16 -> 127.81174 | J8: =A2_Rohdaten!J42*10*A1_HVPI!$D$16 -> 150.54467 | K8: =A2_Rohdaten!K42*10*A1_HVPI!$D$16 -> 154.25218 | L8: =A2_Rohdaten!L42*10*A1_HVPI!$D$16 -> 155.81324 | ... AD8: =A2_Rohdaten!AD42*10*A1_HVPI!$D$16 -> 164.78933
B9: davon Konzessionsabgabe | D9: EUR2023/MWh | E9: =A2_Rohdaten!E43*10*A1_HVPI!$D$16 -> 37.953257 | F9: =A2_Rohdaten!F43*10*A1_HVPI!$D$16 -> 37.562992 | G9: =A2_Rohdaten!G43*10*A1_HVPI!$D$16 -> 37.172727 | H9: =A2_Rohdaten!H43*10*A1_HVPI!$D$16 -> 36.880029 | I9: =A2_Rohdaten!I43*10*A1_HVPI!$D$16 -> 36.489764 | J9: =A2_Rohdaten!J43*10*A1_HVPI!$D$16 -> 36.197065 | K9: =A2_Rohdaten!K43*10*A1_HVPI!$D$16 -> 35.8068 | L9: =A2_Rohdaten!L43*10*A1_HVPI!$D$16 -> 35.514102 | ... AD9: =A2_Rohdaten!AD43*10*A1_HVPI!$D$16 -> 30.635791
B10: davon Sonstige Umlagen | D10: EUR2023/MWh | E10: =A2_Rohdaten!E44*10*A1_HVPI!$D$16 -> 2.6342878 | F10: =A2_Rohdaten!F44*10*A1_HVPI!$D$16 -> 2.6342878 | G10: =A2_Rohdaten!G44*10*A1_HVPI!$D$16 -> 2.5367215 | H10: =A2_Rohdaten!H44*10*A1_HVPI!$D$16 -> 3.0245526 | I10: =A2_Rohdaten!I44*10*A1_HVPI!$D$16 -> 3.4148175 | J10: =A2_Rohdaten!J44*10*A1_HVPI!$D$16 -> 3.4148175 | K10: =A2_Rohdaten!K44*10*A1_HVPI!$D$16 -> 3.5123837 | L10: =A2_Rohdaten!L44*10*A1_HVPI!$D$16 -> 3.5123837 | ... AD10: =A2_Rohdaten!AD44*10*A1_HVPI!$D$16 -> 2.5367215
B11: davon MwSt. | D11: EUR2023/MWh | E11: =A2_Rohdaten!E45*10*A1_HVPI!$D$16 -> 59.710523 | F11: =A2_Rohdaten!F45*10*A1_HVPI!$D$16 -> 52.393057 | G11: =A2_Rohdaten!G45*10*A1_HVPI!$D$16 -> 49.953901 | H11: =A2_Rohdaten!H45*10*A1_HVPI!$D$16 -> 49.270938 | I11: =A2_Rohdaten!I45*10*A1_HVPI!$D$16 -> 49.075805 | J11: =A2_Rohdaten!J45*10*A1_HVPI!$D$16 -> 51.319828 | K11: =A2_Rohdaten!K45*10*A1_HVPI!$D$16 -> 51.514961 | L11: =A2_Rohdaten!L45*10*A1_HVPI!$D$16 -> 51.807659 | ... AD11: =A2_Rohdaten!AD45*10*A1_HVPI!$D$16 -> 52.783321
B12: Industrie (500 - 2000 MWh p.a.) Endverbraucherpreis | D12: EUR2023/MWh | E12: =A2_Rohdaten!E110*A1_HVPI!$D$16*10 -> 155.26785 | F12: =A2_Rohdaten!F110*A1_HVPI!$D$16*10 -> 143.75337 | G12: =A2_Rohdaten!G110*A1_HVPI!$D$16*10 -> 148.97813 | H12: =A2_Rohdaten!H110*A1_HVPI!$D$16*10 -> 139.35308 | I12: =A2_Rohdaten!I110*A1_HVPI!$D$16*10 -> 135.61127 | J12: =A2_Rohdaten!J110*A1_HVPI!$D$16*10 -> 137.73859 | K12: =A2_Rohdaten!K110*A1_HVPI!$D$16*10 -> 138.00884 | L12: =A2_Rohdaten!L110*A1_HVPI!$D$16*10 -> 139.86614 | ... AD12: =A2_Rohdaten!AD110*A1_HVPI!$D$16*10 -> 131.92828
B13: davon Beschaffung und Vertrieb | D13: EUR2023/MWh | E13: =A2_Rohdaten!E111*A1_HVPI!$D$16*10 -> 99.112372 | F13: =A2_Rohdaten!F111*A1_HVPI!$D$16*10 -> 93.586548 | G13: =A2_Rohdaten!G111*A1_HVPI!$D$16*10 -> 94.300925 | H13: =A2_Rohdaten!H111*A1_HVPI!$D$16*10 -> 81.497311 | I13: =A2_Rohdaten!I111*A1_HVPI!$D$16*10 -> 72.918708 | J13: =A2_Rohdaten!J111*A1_HVPI!$D$16*10 -> 62.001343 | K13: =A2_Rohdaten!K111*A1_HVPI!$D$16*10 -> 59.312552 | L13: =A2_Rohdaten!L111*A1_HVPI!$D$16*10 -> 59.748444 | ... AD13: =A2_Rohdaten!AD111*A1_HVPI!$D$16*10 -> 59.163221
B14: davon Industrie C 500 - 2000 MWh - Netzentgelte | D14: EUR2023/MWh | E14: =A2_Rohdaten!E112*A1_HVPI!$D$16*10 -> 51.786708 | F14: =A2_Rohdaten!F112*A1_HVPI!$D$16*10 -> 45.867145 | G14: =A2_Rohdaten!G112*A1_HVPI!$D$16*10 -> 50.434945 | H14: =A2_Rohdaten!H112*A1_HVPI!$D$16*10 -> 53.165572 | I14: =A2_Rohdaten!I112*A1_HVPI!$D$16*10 -> 57.574469 | J14: =A2_Rohdaten!J112*A1_HVPI!$D$16*10 -> 70.693111 | K14: =A2_Rohdaten!K112*A1_HVPI!$D$16*10 -> 73.487771 | L14: =A2_Rohdaten!L112*A1_HVPI!$D$16*10 -> 74.983467 | ... AD14: =A2_Rohdaten!AD112*A1_HVPI!$D$16*10 -> 68.736097
B15: davon Industrie C 500 - 2000 MWh - Stromsteuer und Konzessionsabgabe | D15: EUR2023/MWh | E15: =A2_Rohdaten!E113*A1_HVPI!$D$16*10 -> 1.7141495 | F15: =A2_Rohdaten!F113*A1_HVPI!$D$16*10 -> 1.7036401 | G15: =A2_Rohdaten!G113*A1_HVPI!$D$16*10 -> 1.6949069 | H15: =A2_Rohdaten!H113*A1_HVPI!$D$16*10 -> 1.6868861 | I15: =A2_Rohdaten!I113*A1_HVPI!$D$16*10 -> 1.6786206 | J15: =A2_Rohdaten!J113*A1_HVPI!$D$16*10 -> 1.670221 | K15: =A2_Rohdaten!K113*A1_HVPI!$D$16*10 -> 1.6620324 | L15: =A2_Rohdaten!L113*A1_HVPI!$D$16*10 -> 1.6540976 | ... AD15: =A2_Rohdaten!AD113*A1_HVPI!$D$16*10 -> 1.5360383
B16: davon Industrie C 500 - 2000 MWh - Sonstige Umlagen | D16: EUR2023/MWh | E16: =A2_Rohdaten!E114*A1_HVPI!$D$16*10 -> 2.6546185 | F16: =A2_Rohdaten!F114*A1_HVPI!$D$16*10 -> 2.596037 | G16: =A2_Rohdaten!G114*A1_HVPI!$D$16*10 -> 2.547357 | H16: =A2_Rohdaten!H114*A1_HVPI!$D$16*10 -> 3.0033133 | I16: =A2_Rohdaten!I114*A1_HVPI!$D$16*10 -> 3.4394713 | J16: =A2_Rohdaten!J114*A1_HVPI!$D$16*10 -> 3.3739171 | K16: =A2_Rohdaten!K114*A1_HVPI!$D$16*10 -> 3.5464852 | L16: =A2_Rohdaten!L114*A1_HVPI!$D$16*10 -> 3.4801343 | ... AD16: =A2_Rohdaten!AD114*A1_HVPI!$D$16*10 -> 2.4929208
B17: Industrie (70.000 - 150.000 MWh p.a.) - Endverbraucherpreis | D17: EUR2023/MWh | E17: =A2_Rohdaten!E115*A1_HVPI!$D$16*10 -> 108.0998 | F17: =A2_Rohdaten!F115*A1_HVPI!$D$16*10 -> 99.141044 | G17: =A2_Rohdaten!G115*A1_HVPI!$D$16*10 -> 101.04412 | H17: =A2_Rohdaten!H115*A1_HVPI!$D$16*10 -> 89.337957 | I17: =A2_Rohdaten!I115*A1_HVPI!$D$16*10 -> 81.908119 | J17: =A2_Rohdaten!J115*A1_HVPI!$D$16*10 -> 76.11426 | K17: =A2_Rohdaten!K115*A1_HVPI!$D$16*10 -> 74.264755 | L17: =A2_Rohdaten!L115*A1_HVPI!$D$16*10 -> 75.252532 | ... AD17: =A2_Rohdaten!AD115*A1_HVPI!$D$16*10 -> 62.05045
B18: davon Beschaffung und Vertrieb | D18: EUR2023/MWh | E18: =A2_Rohdaten!E116*A1_HVPI!$D$16*10 -> 95.884918 | F18: =A2_Rohdaten!F116*A1_HVPI!$D$16*10 -> 90.359093 | G18: =A2_Rohdaten!G116*A1_HVPI!$D$16*10 -> 91.073471 | H18: =A2_Rohdaten!H116*A1_HVPI!$D$16*10 -> 78.269856 | I18: =A2_Rohdaten!I116*A1_HVPI!$D$16*10 -> 69.691254 | J18: =A2_Rohdaten!J116*A1_HVPI!$D$16*10 -> 58.773888 | K18: =A2_Rohdaten!K116*A1_HVPI!$D$16*10 -> 56.085098 | L18: =A2_Rohdaten!L116*A1_HVPI!$D$16*10 -> 56.520989 | ... AD18: =A2_Rohdaten!AD116*A1_HVPI!$D$16*10 -> 55.935766
B19: davon Netzentgelte | D19: EUR2023/MWh | E19: =A2_Rohdaten!E117*A1_HVPI!$D$16*10 -> 11.44359 | F19: =A2_Rohdaten!F117*A1_HVPI!$D$16*10 -> 8.021223 | G19: =A2_Rohdaten!G117*A1_HVPI!$D$16*10 -> 9.2187015 | H19: =A2_Rohdaten!H117*A1_HVPI!$D$16*10 -> 10.323719 | I19: =A2_Rohdaten!I117*A1_HVPI!$D$16*10 -> 11.480313 | J19: =A2_Rohdaten!J117*A1_HVPI!$D$16*10 -> 16.612285 | K19: =A2_Rohdaten!K117*A1_HVPI!$D$16*10 -> 17.459586 | L19: =A2_Rohdaten!L117*A1_HVPI!$D$16*10 -> 18.019473 | ... AD19: =A2_Rohdaten!AD117*A1_HVPI!$D$16*10 -> 5.5216604
B20: davon Stromsteuer und Konzessionsabgabe | D20: EUR2023/MWh | E20: =A2_Rohdaten!E118*A1_HVPI!$D$16*10 -> 0.4762356 | F20: =A2_Rohdaten!F118*A1_HVPI!$D$16*10 -> 0.46572615 | G20: =A2_Rohdaten!G118*A1_HVPI!$D$16*10 -> 0.45699301 | H20: =A2_Rohdaten!H118*A1_HVPI!$D$16*10 -> 0.44897215 | I20: =A2_Rohdaten!I118*A1_HVPI!$D$16*10 -> 0.44070662 | J20: =A2_Rohdaten!J118*A1_HVPI!$D$16*10 -> 0.43230703 | K20: =A2_Rohdaten!K118*A1_HVPI!$D$16*10 -> 0.42411846 | L20: =A2_Rohdaten!L118*A1_HVPI!$D$16*10 -> 0.41618366 | ... AD20: =A2_Rohdaten!AD118*A1_HVPI!$D$16*10 -> 0.29812439
B21: davon Sonstige Umlagen | D21: EUR2023/MWh | E21: =A2_Rohdaten!E119*A1_HVPI!$D$16*10 -> 0.29506056 | F21: =A2_Rohdaten!F119*A1_HVPI!$D$16*10 -> 0.29500198 | G21: =A2_Rohdaten!G119*A1_HVPI!$D$16*10 -> 0.2949533 | H21: =A2_Rohdaten!H119*A1_HVPI!$D$16*10 -> 0.29540925 | I21: =A2_Rohdaten!I119*A1_HVPI!$D$16*10 -> 0.29584541 | J21: =A2_Rohdaten!J119*A1_HVPI!$D$16*10 -> 0.29577986 | K21: =A2_Rohdaten!K119*A1_HVPI!$D$16*10 -> 0.29595243 | L21: =A2_Rohdaten!L119*A1_HVPI!$D$16*10 -> 0.29588608 | ... AD21: =A2_Rohdaten!AD119*A1_HVPI!$D$16*10 -> 0.29489886
A22: Ariadne-Report Indikation (2025) | B22: Haushalte | D22: EUR2023/MWh | E22: =A2_Rohdaten!E52*3.6*A1_HVPI!$D$12 -> 293.7346 | J22: =A2_Rohdaten!J52*3.6*A1_HVPI!$D$12 -> 287.27912 | O22: =A2_Rohdaten!O52*3.6*A1_HVPI!$D$12 -> 276.43915 | T22: =A2_Rohdaten!T52*3.6*A1_HVPI!$D$12 -> 275.72689 | Y22: =A2_Rohdaten!Y52*3.6*A1_HVPI!$D$12 -> 278.23953 | AE22: inkl. CO₂-Preis
A23: Ariadne-Report PyPSA (2025) | B23: Haushalte | D23: EUR2023/MWh | E23: =A2_Rohdaten!E56*3.6*A1_HVPI!$D$12 -> 381.68756 | J23: =A2_Rohdaten!J56*3.6*A1_HVPI!$D$12 -> 338.04914 | O23: =A2_Rohdaten!O56*3.6*A1_HVPI!$D$12 -> 308.79832 | T23: =A2_Rohdaten!T56*3.6*A1_HVPI!$D$12 -> 293.45947 | Y23: =A2_Rohdaten!Y56*3.6*A1_HVPI!$D$12 -> 274.55345 | AE23: inkl. CO₂-Preis
A24: Agora-KN45 (2024) | B24: Endkundenpreis | D24: EUR2023/MWh | E24: =A2_Rohdaten!E57*10*A1_HVPI!$D$14 -> 371.9498 | J24: =A2_Rohdaten!J57*10*A1_HVPI!$D$14 -> 410.54197 | O24: =A2_Rohdaten!O57*10*A1_HVPI!$D$14 -> 384.5833 | T24: =A2_Rohdaten!T57*10*A1_HVPI!$D$14 -> 384.1625 | Y24: =A2_Rohdaten!Y57*10*A1_HVPI!$D$14 -> 359.39246
A25: BMWE-Langfristszenarien (2024) | B25: Normaltarif | D25: EUR2023/MWh | E25: =A2_Rohdaten!E59*A1_HVPI!$D$10*1000 -> 387.15699 | J25: =A2_Rohdaten!J59*A1_HVPI!$D$10*1000 -> 387.15699 | O25: =A2_Rohdaten!O59*A1_HVPI!$D$10*1000 -> 399.25564 | T25: =A2_Rohdaten!T59*A1_HVPI!$D$10*1000 -> 423.45295 | Y25: =A2_Rohdaten!Y59*A1_HVPI!$D$10*1000 -> 423.45295
A28: Strompreis Wärmepumpentarif
A29: Szenario | B29: Einheit | C29: N/E | E29: 2025 | F29: 2026 | G29: 2027 | H29: 2028 | I29: 2029 | J29: 2030 | K29: 2031 | L29: 2032 | M29: 2033 | N29: 2034 | O29: 2035 | P29: 2036 | Q29: 2037 | R29: 2038 | S29: 2039 | T29: 2040 | U29: 2041 | V29: 2042 | W29: 2043 | X29: 2044 | Y29: 2045 | Z29: 2046 | AA29: 2047 | AB29: 2048 | AC29: 2049 | AD29: 2050 | AE29: Anmerkung
A30: UBA-Projektionsbericht (2025) | B30: Haushalte Wärmepumpen-Tarif - Endverbraucherpreis inkl. MwSt. | D30: EUR2023/MWh | E30: 258.72868 | F30: 267.49161 | G30: 268.39864 | H30: 275.77046 | I30: 274.94926 | J30: 272.71028 | K30: 270.56219 | L30: 269.26923 | M30: 266.30012 | N30: 264.61293 | O30: 261.38544 | P30: 261.37096 | Q30: 260.11463 | R30: 258.55348 | S30: 256.22948 | T30: 253.17515 | U30: 252.01002 | V30: 251.85322 | W30: 251.71069 | X30: 251.71218 | Y30: 251.8357 | Z30: 254.6331 | AA30: 256.85975 | AB30: 259.26904 | AC30: 261.54197 | AD30: 263.37554
A31: UBA-Projektionsbericht (2026) | B31: Haushalte Wärmepumpen-Tarif | D31: EUR2023/MWh | E31: =A2_Rohdaten!E46*A1_HVPI!$D$16*10 -> 267.62412 | F31: =A2_Rohdaten!F46*A1_HVPI!$D$16*10 -> 217.96292 | G31: =A2_Rohdaten!G46*A1_HVPI!$D$16*10 -> 221.67044 | H31: =A2_Rohdaten!H46*A1_HVPI!$D$16*10 -> 210.25519 | I31: =A2_Rohdaten!I46*A1_HVPI!$D$16*10 -> 203.42555 | J31: =A2_Rohdaten!J46*A1_HVPI!$D$16*10 -> 198.05941 | K31: =A2_Rohdaten!K46*A1_HVPI!$D$16*10 -> 197.08375 | L31: =A2_Rohdaten!L46*A1_HVPI!$D$16*10 -> 198.74238 | ... AD31: =A2_Rohdaten!AD46*A1_HVPI!$D$16*10 -> 206.54767
B32: davon Beschaffung und Vertrieb | D32: EUR2023/MWh | E32: =A2_Rohdaten!E47*A1_HVPI!$D$16*10 -> 137.76349 | F32: =A2_Rohdaten!F47*A1_HVPI!$D$16*10 -> 101.3713 | G32: =A2_Rohdaten!G47*A1_HVPI!$D$16*10 -> 103.32262 | H32: =A2_Rohdaten!H47*A1_HVPI!$D$16*10 -> 92.004939 | I32: =A2_Rohdaten!I47*A1_HVPI!$D$16*10 -> 84.785039 | J32: =A2_Rohdaten!J47*A1_HVPI!$D$16*10 -> 76.491911 | K32: =A2_Rohdaten!K47*A1_HVPI!$D$16*10 -> 75.028418 | L32: =A2_Rohdaten!L47*A1_HVPI!$D$16*10 -> 76.491911 | ... AD32: =A2_Rohdaten!AD47*A1_HVPI!$D$16*10 -> 92.102505
B33: davon Netzentgelte | D33: EUR2023/MWh | E33: =A2_Rohdaten!E48*A1_HVPI!$D$16*10 -> 67.613386 | F33: =A2_Rohdaten!F48*A1_HVPI!$D$16*10 -> 62.735075 | G33: =A2_Rohdaten!G48*A1_HVPI!$D$16*10 -> 64.198568 | H33: =A2_Rohdaten!H48*A1_HVPI!$D$16*10 -> 66.345025 | I33: =A2_Rohdaten!I48*A1_HVPI!$D$16*10 -> 68.101217 | J33: =A2_Rohdaten!J48*A1_HVPI!$D$16*10 -> 72.198998 | K33: =A2_Rohdaten!K48*A1_HVPI!$D$16*10 -> 73.17466 | L33: =A2_Rohdaten!L48*A1_HVPI!$D$16*10 -> 73.467359 | ... AD33: =A2_Rohdaten!AD48*A1_HVPI!$D$16*10 -> 69.272011
B34: davon Konzessionsabgabe | D34: EUR2023/MWh | E34: =A2_Rohdaten!E49*A1_HVPI!$D$16*10 -> 19.513243 | F34: =A2_Rohdaten!F49*A1_HVPI!$D$16*10 -> 19.122978 | G34: =A2_Rohdaten!G49*A1_HVPI!$D$16*10 -> 18.732713 | H34: =A2_Rohdaten!H49*A1_HVPI!$D$16*10 -> 18.440014 | I34: =A2_Rohdaten!I49*A1_HVPI!$D$16*10 -> 18.049749 | J34: =A2_Rohdaten!J49*A1_HVPI!$D$16*10 -> 17.757051 | K34: =A2_Rohdaten!K49*A1_HVPI!$D$16*10 -> 17.366786 | L34: =A2_Rohdaten!L49*A1_HVPI!$D$16*10 -> 17.074087 | ... AD34: =A2_Rohdaten!AD49*A1_HVPI!$D$16*10 -> 12.195777
B35: davon Sonstige Umlagen | D35: EUR2023/MWh | E35: =A2_Rohdaten!E50*A1_HVPI!$D$16*10 -> 0 | F35: =A2_Rohdaten!F50*A1_HVPI!$D$16*10 -> 0 | G35: =A2_Rohdaten!G50*A1_HVPI!$D$16*10 -> 0 | H35: =A2_Rohdaten!H50*A1_HVPI!$D$16*10 -> 0 | I35: =A2_Rohdaten!I50*A1_HVPI!$D$16*10 -> 0 | J35: =A2_Rohdaten!J50*A1_HVPI!$D$16*10 -> 0 | K35: =A2_Rohdaten!K50*A1_HVPI!$D$16*10 -> 0 | L35: =A2_Rohdaten!L50*A1_HVPI!$D$16*10 -> 0 | ... AD35: =A2_Rohdaten!AD50*A1_HVPI!$D$16*10 -> 0
B36: davon MwSt. | D36: EUR2023/MWh | E36: =A2_Rohdaten!E51*A1_HVPI!$D$16*10 -> 42.734001 | F36: =A2_Rohdaten!F51*A1_HVPI!$D$16*10 -> 34.831138 | G36: =A2_Rohdaten!G51*A1_HVPI!$D$16*10 -> 35.416535 | H36: =A2_Rohdaten!H51*A1_HVPI!$D$16*10 -> 33.562777 | I36: =A2_Rohdaten!I51*A1_HVPI!$D$16*10 -> 32.489549 | J36: =A2_Rohdaten!J51*A1_HVPI!$D$16*10 -> 31.611453 | K36: =A2_Rohdaten!K51*A1_HVPI!$D$16*10 -> 31.416321 | L36: =A2_Rohdaten!L51*A1_HVPI!$D$16*10 -> 31.709019 | ... AD36: =A2_Rohdaten!AD51*A1_HVPI!$D$16*10 -> 32.97738
A37: Agora-KN45 (2024) | B37: Wärmepumpen-Tarif | D37: EUR2023/MWh | E37: =A2_Rohdaten!E58*10*A1_HVPI!$D$14 -> 253.50022 | J37: =A2_Rohdaten!J58*10*A1_HVPI!$D$14 -> 264.42895 | O37: =A2_Rohdaten!O58*10*A1_HVPI!$D$14 -> 290.07863 | T37: =A2_Rohdaten!T58*10*A1_HVPI!$D$14 -> 301.10501 | Y37: =A2_Rohdaten!Y58*10*A1_HVPI!$D$14 -> 288.48829
A38: BMWE-Langfristszenarien (2024) | B38: Wärmepumpen-Tarif | D38: EUR2023/MWh | E38: =A2_Rohdaten!E60*1000*A1_HVPI!$D$10 -> 290.36774 | J38: =A2_Rohdaten!J60*1000*A1_HVPI!$D$10 -> 287.94801 | O38: =A2_Rohdaten!O60*1000*A1_HVPI!$D$10 -> 302.4664 | T38: =A2_Rohdaten!T60*1000*A1_HVPI!$D$10 -> 314.56505 | Y38: =A2_Rohdaten!Y60*1000*A1_HVPI!$D$10 -> 314.56505

Sheet 03_Öl
A1: zum Inhalt
A4: Heizölpreis
A5: Szenario | C5: Einheit | D5: 2025 | E5: 2026 | F5: 2027 | G5: 2028 | H5: 2029 | I5: 2030 | J5: 2031 | K5: 2032 | L5: 2033 | M5: 2034 | N5: 2035 | O5: 2036 | P5: 2037 | Q5: 2038 | R5: 2039 | S5: 2040 | T5: 2041 | U5: 2042 | V5: 2043 | W5: 2044 | X5: 2045 | Y5: 2046 | Z5: 2047 | AA5: 2048 | AB5: 2049 | AC5: 2050 | AD5: Anmerkung
A6: UBA-Projektionsbericht (2026) | B6: Heizöl - Endverbraucherpreis mit MwSt. | C6: EUR2023/Liter | D6: =A2_Rohdaten!E71*A1_HVPI!$D$16 -> 0.95623567 | E6: =A2_Rohdaten!F71*A1_HVPI!$D$16 -> 0.93554299 | F6: =A2_Rohdaten!G71*A1_HVPI!$D$16 -> 0.96476422 | G6: =A2_Rohdaten!H71*A1_HVPI!$D$16 -> 1.0021314 | H6: =A2_Rohdaten!I71*A1_HVPI!$D$16 -> 1.037184 | I6: =A2_Rohdaten!J71*A1_HVPI!$D$16 -> 1.0714256 | J6: =A2_Rohdaten!K71*A1_HVPI!$D$16 -> 1.0992006 | K6: =A2_Rohdaten!L71*A1_HVPI!$D$16 -> 1.1261409 | ... AC6: =A2_Rohdaten!AD71*A1_HVPI!$D$16 -> 1.4424788 | AD6: =""
B7: davon Beschaffung und Vertrieb | C7: EUR2023/Liter | D7: =A2_Rohdaten!E72*A1_HVPI!$D$16 -> 0.60852779 | E7: =A2_Rohdaten!F72*A1_HVPI!$D$16 -> 0.57252335 | F7: =A2_Rohdaten!G72*A1_HVPI!$D$16 -> 0.56785427 | G7: =A2_Rohdaten!H72*A1_HVPI!$D$16 -> 0.57168535 | H7: =A2_Rohdaten!I72*A1_HVPI!$D$16 -> 0.57498343 | I7: =A2_Rohdaten!J72*A1_HVPI!$D$16 -> 0.57828827 | J7: =A2_Rohdaten!K72*A1_HVPI!$D$16 -> 0.57697575 | K7: =A2_Rohdaten!L72*A1_HVPI!$D$16 -> 0.57566323 | ... AC7: =A2_Rohdaten!AD72*A1_HVPI!$D$16 -> 0.53137784 | AD7: =""
B8: davon CO2-Preisaufschlag | C8: EUR2023/Liter | D8: =A2_Rohdaten!E73*A1_HVPI!$D$16 -> 0.1374317 | E8: =A2_Rohdaten!F73*A1_HVPI!$D$16 -> 0.15771547 | F8: =A2_Rohdaten!G73*A1_HVPI!$D$16 -> 0.18854431 | G8: =A2_Rohdaten!H73*A1_HVPI!$D$16 -> 0.21763383 | H8: =A2_Rohdaten!I73*A1_HVPI!$D$16 -> 0.24521327 | I8: =A2_Rohdaten!J73*A1_HVPI!$D$16 -> 0.27192361 | J8: =A2_Rohdaten!K73*A1_HVPI!$D$16 -> 0.29770432 | K8: =A2_Rohdaten!L73*A1_HVPI!$D$16 -> 0.32268439 | ... AC8: =A2_Rohdaten!AD73*A1_HVPI!$D$16 -> 0.64576386 | AD8: =""
B9: davon Energiesteuer | C9: EUR2023/Liter | D9: =A2_Rohdaten!E74*A1_HVPI!$D$16 -> 0.057599895 | E9: =A2_Rohdaten!F74*A1_HVPI!$D$16 -> 0.055931751 | F9: =A2_Rohdaten!G74*A1_HVPI!$D$16 -> 0.054327649 | G9: =A2_Rohdaten!H74*A1_HVPI!$D$16 -> 0.052808067 | H9: =A2_Rohdaten!I74*A1_HVPI!$D$16 -> 0.051386466 | I9: =A2_Rohdaten!J74*A1_HVPI!$D$16 -> 0.050145778 | J9: =A2_Rohdaten!K74*A1_HVPI!$D$16 -> 0.049017886 | K9: =A2_Rohdaten!L74*A1_HVPI!$D$16 -> 0.047989225 | ... AC9: =A2_Rohdaten!AD74*A1_HVPI!$D$16 -> 0.035025333 | AD9: =""
B10: davon MwSt. | C10: EUR2023/Liter | D10: =A2_Rohdaten!E75*A1_HVPI!$D$16 -> 0.15267628 | E10: =A2_Rohdaten!F75*A1_HVPI!$D$16 -> 0.14937241 | F10: =A2_Rohdaten!G75*A1_HVPI!$D$16 -> 0.15403798 | G10: =A2_Rohdaten!H75*A1_HVPI!$D$16 -> 0.16000418 | H10: =A2_Rohdaten!I75*A1_HVPI!$D$16 -> 0.1656008 | I10: =A2_Rohdaten!J75*A1_HVPI!$D$16 -> 0.17106796 | J10: =A2_Rohdaten!K75*A1_HVPI!$D$16 -> 0.17550261 | K10: =A2_Rohdaten!L75*A1_HVPI!$D$16 -> 0.179804 | ... AC10: =A2_Rohdaten!AD75*A1_HVPI!$D$16 -> 0.23031174 | AD10: =""
A11: Ariadne-Report (2025) | B11: Haushalte - hohe Nachfrage | C11: EUR2023/Liter | D11: =A2_Rohdaten!E76*A1_HVPI!$D$12*0.036 -> 1.01322 | I11: =A2_Rohdaten!J76*A1_HVPI!$D$12*0.036 -> 1.6651566 | N11: =A2_Rohdaten!O76*A1_HVPI!$D$12*0.036 -> 1.9874864 | S11: =A2_Rohdaten!T76*A1_HVPI!$D$12*0.036 -> 2.3102442 | X11: =A2_Rohdaten!Y76*A1_HVPI!$D$12*0.036 -> 2.6334301 | AC11: =A2_Rohdaten!AD76*A1_HVPI!$D$12*0.036 -> 2.6240128 | AD11: inkl. CO₂-Preis
A12: BMWE-Langfristszenarien (2024) | B12: Haushalte und GHD | C12: EUR2023/Liter | D12: =A2_Rohdaten!E123*10*A1_HVPI!$D$10 -> 0.85900457 | I12: =A2_Rohdaten!J123*10 *A1_HVPI!$D$10 -> 0.90739919 | S12: =A2_Rohdaten!T123*10*A1_HVPI!$D$10 -> 1.5002333 | X12: =A2_Rohdaten!Y123*10*A1_HVPI!$D$10 -> 1.4881347
A13: Agora KN45 (2024) | C13: EUR2023/Liter | D13: =A2_Rohdaten!E124*10*A1_HVPI!$D$14 -> 1.03 | I13: =A2_Rohdaten!J124*10*A1_HVPI!$D$14 -> 1.18 | N13: =A2_Rohdaten!O124*10*A1_HVPI!$D$14 -> 1.33 | S13: =A2_Rohdaten!T124*10*A1_HVPI!$D$14 -> 1.43 | X13: =A2_Rohdaten!Y124*10*A1_HVPI!$D$14 -> 1.51
A16: Erdölprodukte
A17: Szenario | C17: Einheit | D17: 2025 | E17: 2026 | F17: 2027 | G17: 2028 | H17: 2029 | I17: 2030 | J17: 2031 | K17: 2032 | L17: 2033 | M17: 2034 | N17: 2035 | O17: 2036 | P17: 2037 | Q17: 2038 | R17: 2039 | S17: 2040 | T17: 2041 | U17: 2042 | V17: 2043 | W17: 2044 | X17: 2045 | Y17: 2046 | Z17: 2047 | AA17: 2048 | AB17: 2049 | AC17: 2050 | AD17: Anmerkung
A18: UBA-Projektionsbericht (2026) | B18: Erdölprodukte - Diesel - Endverbraucherpreis mit MwSt. | C18: EUR2023/Liter | D18: =A2_Rohdaten!E61*A1_HVPI!$D$16 -> 1.5805727 | E18: =A2_Rohdaten!F61*A1_HVPI!$D$16 -> 1.5513028 | F18: =A2_Rohdaten!G61*A1_HVPI!$D$16 -> 1.570816 | G18: =A2_Rohdaten!H61*A1_HVPI!$D$16 -> 1.5903293 | H18: =A2_Rohdaten!I61*A1_HVPI!$D$16 -> 1.6195991 | I18: =A2_Rohdaten!J61*A1_HVPI!$D$16 -> 1.6391124 | J18: =A2_Rohdaten!K61*A1_HVPI!$D$16 -> 1.6586256 | K18: =A2_Rohdaten!L61*A1_HVPI!$D$16 -> 1.6781389 | ... AC18: =A2_Rohdaten!AD61*A1_HVPI!$D$16 -> 1.8927845 | AD18: =""
B19: davon Beschaffung und Vertrieb | C19: EUR2023/Liter | D19: =A2_Rohdaten!E62*A1_HVPI!$D$16 -> 0.75125984 | E19: =A2_Rohdaten!F62*A1_HVPI!$D$16 -> 0.71223336 | F19: =A2_Rohdaten!G62*A1_HVPI!$D$16 -> 0.71223336 | G19: =A2_Rohdaten!H62*A1_HVPI!$D$16 -> 0.71223336 | H19: =A2_Rohdaten!I62*A1_HVPI!$D$16 -> 0.71223336 | I19: =A2_Rohdaten!J62*A1_HVPI!$D$16 -> 0.72198998 | J19: =A2_Rohdaten!K62*A1_HVPI!$D$16 -> 0.71223336 | K19: =A2_Rohdaten!L62*A1_HVPI!$D$16 -> 0.71223336 | ... AC19: =A2_Rohdaten!AD62*A1_HVPI!$D$16 -> 0.67320687
B20: davon CO2-Preisaufschlag | C20: EUR2023/Liter | D20: =A2_Rohdaten!E63*A1_HVPI!$D$16 -> 0.1365927 | E20: =A2_Rohdaten!F63*A1_HVPI!$D$16 -> 0.15610594 | F20: =A2_Rohdaten!G63*A1_HVPI!$D$16 -> 0.18537581 | G20: =A2_Rohdaten!H63*A1_HVPI!$D$16 -> 0.21464567 | H20: =A2_Rohdaten!I63*A1_HVPI!$D$16 -> 0.24391553 | I20: =A2_Rohdaten!J63*A1_HVPI!$D$16 -> 0.2731854 | J20: =A2_Rohdaten!K63*A1_HVPI!$D$16 -> 0.30245526 | K20: =A2_Rohdaten!L63*A1_HVPI!$D$16 -> 0.3219685 | ... AC20: =A2_Rohdaten!AD63*A1_HVPI!$D$16 -> 0.64393701
B21: davon Energiesteuer | C21: EUR2023/Liter | D21: =A2_Rohdaten!E64*A1_HVPI!$D$16 -> 0.44880458 | E21: =A2_Rohdaten!F64*A1_HVPI!$D$16 -> 0.42929134 | F21: =A2_Rohdaten!G64*A1_HVPI!$D$16 -> 0.41953472 | G21: =A2_Rohdaten!H64*A1_HVPI!$D$16 -> 0.4097781 | H21: =A2_Rohdaten!I64*A1_HVPI!$D$16 -> 0.40002147 | I21: =A2_Rohdaten!J64*A1_HVPI!$D$16 -> 0.39026485 | J21: =A2_Rohdaten!K64*A1_HVPI!$D$16 -> 0.38050823 | K21: =A2_Rohdaten!L64*A1_HVPI!$D$16 -> 0.37075161 | ... AC21: =A2_Rohdaten!AD64*A1_HVPI!$D$16 -> 0.2731854
B22: davon MwSt. | C22: EUR2023/Liter | D22: =A2_Rohdaten!E65*A1_HVPI!$D$16 -> 0.25367215 | E22: =A2_Rohdaten!F65*A1_HVPI!$D$16 -> 0.24391553 | F22: =A2_Rohdaten!G65*A1_HVPI!$D$16 -> 0.25367215 | G22: =A2_Rohdaten!H65*A1_HVPI!$D$16 -> 0.25367215 | H22: =A2_Rohdaten!I65*A1_HVPI!$D$16 -> 0.25367215 | I22: =A2_Rohdaten!J65*A1_HVPI!$D$16 -> 0.26342878 | J22: =A2_Rohdaten!K65*A1_HVPI!$D$16 -> 0.26342878 | K22: =A2_Rohdaten!L65*A1_HVPI!$D$16 -> 0.26342878 | ... AC22: =A2_Rohdaten!AD65*A1_HVPI!$D$16 -> 0.30245526
B23: Erdölprodukte - Super - Endverbraucherpreis inkl. MwSt. - Gesamt | C23: EUR2023/Liter | D23: =A2_Rohdaten!E66*A1_HVPI!$D$16 -> 1.7561918 | E23: =A2_Rohdaten!F66*A1_HVPI!$D$16 -> 1.7074087 | F23: =A2_Rohdaten!G66*A1_HVPI!$D$16 -> 1.7171654 | G23: =A2_Rohdaten!H66*A1_HVPI!$D$16 -> 1.726922 | H23: =A2_Rohdaten!I66*A1_HVPI!$D$16 -> 1.7464352 | I23: =A2_Rohdaten!J66*A1_HVPI!$D$16 -> 1.7561918 | J23: =A2_Rohdaten!K66*A1_HVPI!$D$16 -> 1.7659485 | K23: =A2_Rohdaten!L66*A1_HVPI!$D$16 -> 1.7757051 | ... AC23: =A2_Rohdaten!AD66*A1_HVPI!$D$16 -> 1.8927845
B24: davon Beschaffung und Vertrieb | C24: EUR2023/Liter | D24: =A2_Rohdaten!E67*A1_HVPI!$D$16 -> 0.7317466 | E24: =A2_Rohdaten!F67*A1_HVPI!$D$16 -> 0.70247674 | F24: =A2_Rohdaten!G67*A1_HVPI!$D$16 -> 0.69272011 | G24: =A2_Rohdaten!H67*A1_HVPI!$D$16 -> 0.69272011 | H24: =A2_Rohdaten!I67*A1_HVPI!$D$16 -> 0.70247674 | I24: =A2_Rohdaten!J67*A1_HVPI!$D$16 -> 0.70247674 | J24: =A2_Rohdaten!K67*A1_HVPI!$D$16 -> 0.70247674 | K24: =A2_Rohdaten!L67*A1_HVPI!$D$16 -> 0.70247674 | ... AC24: =A2_Rohdaten!AD67*A1_HVPI!$D$16 -> 0.65369363
B25: davon CO2-Preisaufschlag | C25: EUR2023/Liter | D25: =A2_Rohdaten!E68*A1_HVPI!$D$16 -> 0.11707946 | E25: =A2_Rohdaten!F68*A1_HVPI!$D$16 -> 0.1365927 | F25: =A2_Rohdaten!G68*A1_HVPI!$D$16 -> 0.16586256 | G25: =A2_Rohdaten!H68*A1_HVPI!$D$16 -> 0.18537581 | H25: =A2_Rohdaten!I68*A1_HVPI!$D$16 -> 0.21464567 | I25: =A2_Rohdaten!J68*A1_HVPI!$D$16 -> 0.23415891 | J25: =A2_Rohdaten!K68*A1_HVPI!$D$16 -> 0.25367215 | K25: =A2_Rohdaten!L68*A1_HVPI!$D$16 -> 0.2731854 | ... AC25: =A2_Rohdaten!AD68*A1_HVPI!$D$16 -> 0.55612742
B26: davon Energiesteuer | C26: EUR2023/Liter | D26: =A2_Rohdaten!E69*A1_HVPI!$D$16 -> 0.61466714 | E26: =A2_Rohdaten!F69*A1_HVPI!$D$16 -> 0.60491052 | F26: =A2_Rohdaten!G69*A1_HVPI!$D$16 -> 0.58539728 | G26: =A2_Rohdaten!H69*A1_HVPI!$D$16 -> 0.56588404 | H26: =A2_Rohdaten!I69*A1_HVPI!$D$16 -> 0.55612742 | I26: =A2_Rohdaten!J69*A1_HVPI!$D$16 -> 0.53661417 | J26: =A2_Rohdaten!K69*A1_HVPI!$D$16 -> 0.52685755 | K26: =A2_Rohdaten!L69*A1_HVPI!$D$16 -> 0.51710093 | ... AC26: =A2_Rohdaten!AD69*A1_HVPI!$D$16 -> 0.38050823
B27: davon MwSt. | C27: EUR2023/Liter | D27: =A2_Rohdaten!E70*A1_HVPI!$D$16 -> 0.28294202 | E27: =A2_Rohdaten!F70*A1_HVPI!$D$16 -> 0.2731854 | F27: =A2_Rohdaten!G70*A1_HVPI!$D$16 -> 0.2731854 | G27: =A2_Rohdaten!H70*A1_HVPI!$D$16 -> 0.2731854 | H27: =A2_Rohdaten!I70*A1_HVPI!$D$16 -> 0.28294202 | I27: =A2_Rohdaten!J70*A1_HVPI!$D$16 -> 0.28294202 | J27: =A2_Rohdaten!K70*A1_HVPI!$D$16 -> 0.28294202 | K27: =A2_Rohdaten!L70*A1_HVPI!$D$16 -> 0.28294202 | ... AC27: =A2_Rohdaten!AD70*A1_HVPI!$D$16 -> 0.30245526

Sheet 04_Biomasse
A1: zum Inhalt
A3: Biomassepreise
A4: Szenario | C4: Einheit | D4: 2025 | E4: 2026 | F4: 2027 | G4: 2028 | H4: 2029 | I4: 2030 | J4: 2031 | K4: 2032 | L4: 2033 | M4: 2034 | N4: 2035 | O4: 2036 | P4: 2037 | Q4: 2038 | R4: 2039 | S4: 2040 | T4: 2041 | U4: 2042 | V4: 2043 | W4: 2044 | X4: 2045 | Y4: 2046 | Z4: 2047 | AA4: 2048 | AB4: 2049 | AC4: 2050 | AD4: Anmerkung
A5: UBA-Projektionsbericht (2026) | B5: Holzpellets - Endverbraucherpreis inkl. MwSt. | C5: EUR2023/MWh | D5: =A2_Rohdaten!E77*A1_HVPI!$D$16 -> 60.510565 | E5: =A2_Rohdaten!F77*A1_HVPI!$D$16 -> 56.764023 | F5: =A2_Rohdaten!G77*A1_HVPI!$D$16 -> 56.881102 | G5: =A2_Rohdaten!H77*A1_HVPI!$D$16 -> 56.62743 | H5: =A2_Rohdaten!I77*A1_HVPI!$D$16 -> 56.490838 | I5: =A2_Rohdaten!J77*A1_HVPI!$D$16 -> 56.227409 | J5: =A2_Rohdaten!K77*A1_HVPI!$D$16 -> 56.881102 | K5: =A2_Rohdaten!L77*A1_HVPI!$D$16 -> 58.178733 | ... AC5: =A2_Rohdaten!AD77*A1_HVPI!$D$16 -> 85.468003
B6: Scheitholz - Endverbraucherpreis inkl. MwSt. | C6: EUR2023/MWh | D6: =A2_Rohdaten!E78*A1_HVPI!$D$16 -> 90.482906 | E6: =A2_Rohdaten!F78*A1_HVPI!$D$16 -> 84.872849 | F6: =A2_Rohdaten!G78*A1_HVPI!$D$16 -> 85.038712 | G6: =A2_Rohdaten!H78*A1_HVPI!$D$16 -> 84.66796 | H6: =A2_Rohdaten!I78*A1_HVPI!$D$16 -> 84.463071 | I6: =A2_Rohdaten!J78*A1_HVPI!$D$16 -> 84.072806 | J6: =A2_Rohdaten!K78*A1_HVPI!$D$16 -> 85.058225 | K6: =A2_Rohdaten!L78*A1_HVPI!$D$16 -> 86.990036 | ... AC6: =A2_Rohdaten!AD78*A1_HVPI!$D$16 -> 127.79223
B7: Hackschnitzel WG 20 - Endverbraucherpreis inkl. MwSt. | C7: EUR2023/MWh | D7: =A2_Rohdaten!E79*A1_HVPI!$D$16 -> 35.640938 | E7: =A2_Rohdaten!F79*A1_HVPI!$D$16 -> 33.435941 | F7: =A2_Rohdaten!G79*A1_HVPI!$D$16 -> 33.504238 | G7: =A2_Rohdaten!H79*A1_HVPI!$D$16 -> 33.357888 | H7: =A2_Rohdaten!I79*A1_HVPI!$D$16 -> 33.270079 | I7: =A2_Rohdaten!J79*A1_HVPI!$D$16 -> 33.123729 | J7: =A2_Rohdaten!K79*A1_HVPI!$D$16 -> 33.504238 | K7: =A2_Rohdaten!L79*A1_HVPI!$D$16 -> 34.275011 | ... AC7: =A2_Rohdaten!AD79*A1_HVPI!$D$16 -> 50.344166
B8: Hackschnitzel WG 35 - Endverbraucherpreis inkl. MwSt. | C8: EUR2023/MWh | D8: =A2_Rohdaten!E80*A1_HVPI!$D$16 -> 27.738074 | E8: =A2_Rohdaten!F80*A1_HVPI!$D$16 -> 26.020909 | F8: =A2_Rohdaten!G80*A1_HVPI!$D$16 -> 26.079449 | G8: =A2_Rohdaten!H80*A1_HVPI!$D$16 -> 25.962369 | H8: =A2_Rohdaten!I80*A1_HVPI!$D$16 -> 25.894073 | I8: =A2_Rohdaten!J80*A1_HVPI!$D$16 -> 25.776994 | J8: =A2_Rohdaten!K80*A1_HVPI!$D$16 -> 26.079449 | K8: =A2_Rohdaten!L80*A1_HVPI!$D$16 -> 26.674603 | ... AC8: =A2_Rohdaten!AD80*A1_HVPI!$D$16 -> 39.182591
B9: Biomethan - Endverbraucherpreis inkl. MwSt. | C9: EUR2023/MWh | D9: =A2_Rohdaten!E21*A1_HVPI!$D$16 -> 189.60136 | E9: =A2_Rohdaten!F21*A1_HVPI!$D$16 -> 173.26132 | F9: =A2_Rohdaten!G21*A1_HVPI!$D$16 -> 171.51669 | G9: =A2_Rohdaten!H21*A1_HVPI!$D$16 -> 168.41089 | H9: =A2_Rohdaten!I21*A1_HVPI!$D$16 -> 165.71667 | I9: =A2_Rohdaten!J21*A1_HVPI!$D$16 -> 166.49777 | J9: =A2_Rohdaten!K21*A1_HVPI!$D$16 -> 167.80233 | K9: =A2_Rohdaten!L21*A1_HVPI!$D$16 -> 171.53001 | ... AC9: =A2_Rohdaten!AD21*A1_HVPI!$D$16 -> 247.82669
A10: BMWE-Langfristszenarien (2024) | B10: Holzpellets - Endverbraucherpreis inkl. MwSt. | C10: EUR2023/MWh | D10: =A2_Rohdaten!E81*A1_HVPI!$D$10*1000 -> 80.214088 | I10: =A2_Rohdaten!J81*A1_HVPI!$D$10*1000 -> 59.76736 | N10: =A2_Rohdaten!O81*A1_HVPI!$D$10*1000 -> 58.557494 | S10: =A2_Rohdaten!T81*A1_HVPI!$D$10*1000 -> 57.347629 | X10: =A2_Rohdaten!Y81*A1_HVPI!$D$10*1000 -> 56.25875
B11: Hackschnitzel | C11: EUR2023/MWh | D11: =A2_Rohdaten!E82*A1_HVPI!$D$10*1000 -> 33.634263 | I11: =A2_Rohdaten!J82*A1_HVPI!$D$10*1000 -> 25.044218 | N11: =A2_Rohdaten!O82*A1_HVPI!$D$10*1000 -> 24.560271 | S11: =A2_Rohdaten!T82*A1_HVPI!$D$10*1000 -> 24.076325 | X11: =A2_Rohdaten!Y82*A1_HVPI!$D$10*1000 -> 23.592379
B12: Scheitholz | C12: EUR2023/MWh | D12: =A2_Rohdaten!E83*A1_HVPI!$D$10*1000 -> 101.02378 | I12: =A2_Rohdaten!J83*A1_HVPI!$D$10*1000 -> 76.947451 | N12: =A2_Rohdaten!O83*A1_HVPI!$D$10*1000 -> 75.374626 | S12: =A2_Rohdaten!T83*A1_HVPI!$D$10*1000 -> 73.922787 | X12: =A2_Rohdaten!Y83*A1_HVPI!$D$10*1000 -> 72.349962

Sheet 05_Fernwärme
A1: zum Inhalt
A3: Fernwärme
A4: Szenario | C4: Einheit | D4: 2025 | E4: 2026 | F4: 2027 | G4: 2028 | H4: 2029 | I4: 2030 | J4: 2031 | K4: 2032 | L4: 2033 | M4: 2034 | N4: 2035 | O4: 2036 | P4: 2037 | Q4: 2038 | R4: 2039 | S4: 2040 | T4: 2041 | U4: 2042 | V4: 2043 | W4: 2044 | X4: 2045 | Y4: 2046 | Z4: 2047 | AA4: 2048 | AB4: 2049 | AC4: 2050 | AD4: Anmerkung
A5: UBA-Projektionsbericht (2026) | B5: Fernwärme - Endverbraucher | C5: EUR2023/MWh | D5: =A2_Rohdaten!E84*A1_HVPI!$D$16 -> 140.19289 | E5: =A2_Rohdaten!F84*A1_HVPI!$D$16 -> 131.5095 | F5: =A2_Rohdaten!G84*A1_HVPI!$D$16 -> 131.77293 | G5: =A2_Rohdaten!H84*A1_HVPI!$D$16 -> 131.19729 | H5: =A2_Rohdaten!I84*A1_HVPI!$D$16 -> 130.87532 | I5: =A2_Rohdaten!J84*A1_HVPI!$D$16 -> 130.27041 | J5: =A2_Rohdaten!K84*A1_HVPI!$D$16 -> 131.79244 | K5: =A2_Rohdaten!L84*A1_HVPI!$D$16 -> 134.78772 | ... AC5: =A2_Rohdaten!AD84*A1_HVPI!$D$16 -> 123.08953
A6: Agora-WN (2024) | B6: Großberg: ohne Förderung | C6: EUR2023/MWh | D6: =A2_Rohdaten!E85 -> 159 | I6: =A2_Rohdaten!J85 -> 159 | N6: =A2_Rohdaten!O85 -> 171 | S6: =A2_Rohdaten!T85 -> 155 | X6: =A2_Rohdaten!Y85 -> 158
B7: Mittelberg: ohne Förderung | C7: EUR2023/MWh | D7: =A2_Rohdaten!E86 -> 121 | I7: =A2_Rohdaten!J86 -> 136 | N7: =A2_Rohdaten!O86 -> 138 | S7: =A2_Rohdaten!T86 -> 164 | X7: =A2_Rohdaten!Y86 -> 151
B8: Landberg: ohne Förderung | C8: EUR2023/MWh | D8: =A2_Rohdaten!E87 -> 177 | I8: =A2_Rohdaten!J87 -> 164 | N8: =A2_Rohdaten!O87 -> 172 | S8: =A2_Rohdaten!T87 -> 163 | X8: =A2_Rohdaten!Y87 -> 179
A9: BMWE-Langfristszenarien (2024) | C9: EUR2023/MWh | D9: =A2_Rohdaten!E88*1000*A1_HVPI!$D$10 -> 112.15454 | I9: =A2_Rohdaten!J88*1000*A1_HVPI!$D$10 -> 100.41884 | N9: =A2_Rohdaten!O88*1000*A1_HVPI!$D$10 -> 99.571938 | S9: =A2_Rohdaten!T88*1000*A1_HVPI!$D$10 -> 103.56449 | X9: =A2_Rohdaten!Y88*1000*A1_HVPI!$D$10 -> 105.50028

Sheet 06_Wasserstoff
A1: zum Inhalt
A4: Wasserstoffpreis
A5: Szenario | C5: N/E | D5: Einheit | E5: 2025 | F5: 2026 | G5: 2027 | H5: 2028 | I5: 2029 | J5: 2030 | K5: 2031 | L5: 2032 | M5: 2033 | N5: 2034 | O5: 2035 | P5: 2036 | Q5: 2037 | R5: 2038 | S5: 2039 | T5: 2040 | U5: 2041 | V5: 2042 | W5: 2043 | X5: 2044 | Y5: 2045 | Z5: 2046 | AA5: 2047 | AB5: 2048 | AC5: 2049 | AD5: 2050 | AE5: Anmerkung
A6: UBA-Projektionsbericht (2026) | B6: Wasserstoff grün Haushalt - Endverbraucherpreis inkl. MwSt. | C6: ="" | D6: EUR2023/MWh | L6: =A2_Rohdaten!L89*A1_HVPI!$D$16 -> 259.60054 | M6: =A2_Rohdaten!M89*A1_HVPI!$D$16 -> 253.38322 | N6: =A2_Rohdaten!N89*A1_HVPI!$D$16 -> 247.16589 | O6: =A2_Rohdaten!O89*A1_HVPI!$D$16 -> 240.94856 | P6: =A2_Rohdaten!P89*A1_HVPI!$D$16 -> 236.71072 | Q6: =A2_Rohdaten!Q89*A1_HVPI!$D$16 -> 232.47287 | R6: =A2_Rohdaten!R89*A1_HVPI!$D$16 -> 228.23503 | S6: =A2_Rohdaten!S89*A1_HVPI!$D$16 -> 223.99718 | ... AD6: =A2_Rohdaten!AD89*A1_HVPI!$D$16 -> 194.71852
B7: davon Beschaffung und Vertrieb | C7: ="" | D7: EUR2023/MWh | L7: =A2_Rohdaten!L90*A1_HVPI!$D$16 -> 143.14827 | M7: =A2_Rohdaten!M90*A1_HVPI!$D$16 -> 140.00025 | N7: =A2_Rohdaten!N90*A1_HVPI!$D$16 -> 136.85223 | O7: =A2_Rohdaten!O90*A1_HVPI!$D$16 -> 133.70422 | P7: =A2_Rohdaten!P90*A1_HVPI!$D$16 -> 132.21962 | Q7: =A2_Rohdaten!Q90*A1_HVPI!$D$16 -> 130.73503 | R7: =A2_Rohdaten!R90*A1_HVPI!$D$16 -> 129.25044 | S7: =A2_Rohdaten!S90*A1_HVPI!$D$16 -> 127.76585 | ... AD7: =A2_Rohdaten!AD90*A1_HVPI!$D$16 -> 111.62817
B8: davon Netzentgelte | C8: ="" | D8: EUR2023/MWh | L8: =A2_Rohdaten!L91*A1_HVPI!$D$16 -> 75.003441 | M8: =A2_Rohdaten!M91*A1_HVPI!$D$16 -> 72.926817 | N8: =A2_Rohdaten!N91*A1_HVPI!$D$16 -> 70.850194 | O8: =A2_Rohdaten!O91*A1_HVPI!$D$16 -> 68.77357 | P8: =A2_Rohdaten!P91*A1_HVPI!$D$16 -> 66.696946 | Q8: =A2_Rohdaten!Q91*A1_HVPI!$D$16 -> 64.620323 | R8: =A2_Rohdaten!R91*A1_HVPI!$D$16 -> 62.543699 | S8: =A2_Rohdaten!S91*A1_HVPI!$D$16 -> 60.467075 | ... AD8: =A2_Rohdaten!AD91*A1_HVPI!$D$16 -> 52.00084
B9: davon MwSt. | C9: ="" | D9: EUR2023/MWh | L9: =A2_Rohdaten!L92*A1_HVPI!$D$16 -> 41.448826 | M9: =A2_Rohdaten!M92*A1_HVPI!$D$16 -> 40.456144 | N9: =A2_Rohdaten!N92*A1_HVPI!$D$16 -> 39.463461 | O9: =A2_Rohdaten!O92*A1_HVPI!$D$16 -> 38.470779 | P9: =A2_Rohdaten!P92*A1_HVPI!$D$16 -> 37.794148 | Q9: =A2_Rohdaten!Q92*A1_HVPI!$D$16 -> 37.117518 | R9: =A2_Rohdaten!R92*A1_HVPI!$D$16 -> 36.440887 | S9: =A2_Rohdaten!S92*A1_HVPI!$D$16 -> 35.764256 | ... AD9: =A2_Rohdaten!AD92*A1_HVPI!$D$16 -> 31.089512
B10: Wasserstoff grün Tankstelle - Endverbraucherpreis | C10: ="" | D10: EUR2023/MWh | E10: =A2_Rohdaten!E93*A1_HVPI!$D$16 -> 329.42955 | F10: =A2_Rohdaten!F93*A1_HVPI!$D$16 -> 328.93874 | G10: =A2_Rohdaten!G93*A1_HVPI!$D$16 -> 315.90996 | H10: =A2_Rohdaten!H93*A1_HVPI!$D$16 -> 306.33847 | I10: =A2_Rohdaten!I93*A1_HVPI!$D$16 -> 291.01299 | J10: =A2_Rohdaten!J93*A1_HVPI!$D$16 -> 271.63613 | K10: =A2_Rohdaten!K93*A1_HVPI!$D$16 -> 269.06268 | L10: =A2_Rohdaten!L93*A1_HVPI!$D$16 -> 243.6165 | ... AD10: =A2_Rohdaten!AD93*A1_HVPI!$D$16 -> 189.09379
B11: davon Beschaffung und Vertrieb | C11: ="" | D11: EUR2023/MWh | E11: =A2_Rohdaten!E94*A1_HVPI!$D$16 -> 299.72064 | F11: =A2_Rohdaten!F94*A1_HVPI!$D$16 -> 299.22983 | G11: =A2_Rohdaten!G94*A1_HVPI!$D$16 -> 286.20105 | H11: =A2_Rohdaten!H94*A1_HVPI!$D$16 -> 276.62956 | I11: =A2_Rohdaten!I94*A1_HVPI!$D$16 -> 261.30408 | J11: =A2_Rohdaten!J94*A1_HVPI!$D$16 -> 241.92722 | K11: =A2_Rohdaten!K94*A1_HVPI!$D$16 -> 239.35377 | L11: =A2_Rohdaten!L94*A1_HVPI!$D$16 -> 143.14827 | ... AD11: =A2_Rohdaten!AD94*A1_HVPI!$D$16 -> 111.62817
B12: davon Netzentgelte und Tankstellenbetrieb | C12: ="" | D12: EUR2023/MWh | E12: =A2_Rohdaten!E95*A1_HVPI!$D$16 -> 29.708912 | F12: =A2_Rohdaten!F95*A1_HVPI!$D$16 -> 29.708912 | G12: =A2_Rohdaten!G95*A1_HVPI!$D$16 -> 29.708912 | H12: =A2_Rohdaten!H95*A1_HVPI!$D$16 -> 29.708912 | I12: =A2_Rohdaten!I95*A1_HVPI!$D$16 -> 29.708912 | J12: =A2_Rohdaten!J95*A1_HVPI!$D$16 -> 29.708912 | K12: =A2_Rohdaten!K95*A1_HVPI!$D$16 -> 29.708912 | L12: =A2_Rohdaten!L95*A1_HVPI!$D$16 -> 100.46822 | ... AD12: =A2_Rohdaten!AD95*A1_HVPI!$D$16 -> 77.465622
B13: Wasserstoff grün industrieller Großverbraucher - Endverbraucherpreis | C13: ="" | D13: EUR2023/MWh | L13: =A2_Rohdaten!L96*A1_HVPI!$D$16 -> 157.78321 | M13: =A2_Rohdaten!M96*A1_HVPI!$D$16 -> 157.78321 | N13: =A2_Rohdaten!N96*A1_HVPI!$D$16 -> 157.78321 | O13: =A2_Rohdaten!O96*A1_HVPI!$D$16 -> 148.33915 | P13: =A2_Rohdaten!P96*A1_HVPI!$D$16 -> 146.85456 | Q13: =A2_Rohdaten!Q96*A1_HVPI!$D$16 -> 145.36997 | R13: =A2_Rohdaten!R96*A1_HVPI!$D$16 -> 143.88537 | S13: =A2_Rohdaten!S96*A1_HVPI!$D$16 -> 142.40078 | ... AD13: =A2_Rohdaten!AD96*A1_HVPI!$D$16 -> 126.2631
B14: davon Beschaffung und Vertrieb | C14: ="" | D14: EUR2023/MWh | L14: =A2_Rohdaten!L97*A1_HVPI!$D$16 -> 143.14827 | M14: =A2_Rohdaten!M97*A1_HVPI!$D$16 -> 143.14827 | N14: =A2_Rohdaten!N97*A1_HVPI!$D$16 -> 143.14827 | O14: =A2_Rohdaten!O97*A1_HVPI!$D$16 -> 133.70422 | P14: =A2_Rohdaten!P97*A1_HVPI!$D$16 -> 132.21962 | Q14: =A2_Rohdaten!Q97*A1_HVPI!$D$16 -> 130.73503 | R14: =A2_Rohdaten!R97*A1_HVPI!$D$16 -> 129.25044 | S14: =A2_Rohdaten!S97*A1_HVPI!$D$16 -> 127.76585 | ... AD14: =A2_Rohdaten!AD97*A1_HVPI!$D$16 -> 111.62817
B15: davon Netzentgelte | C15: ="" | D15: EUR2023/MWh | L15: =A2_Rohdaten!L98*A1_HVPI!$D$16 -> 14.634932 | M15: =A2_Rohdaten!M98*A1_HVPI!$D$16 -> 14.634932 | N15: =A2_Rohdaten!N98*A1_HVPI!$D$16 -> 14.634932 | O15: =A2_Rohdaten!O98*A1_HVPI!$D$16 -> 14.634932 | P15: =A2_Rohdaten!P98*A1_HVPI!$D$16 -> 14.634932 | Q15: =A2_Rohdaten!Q98*A1_HVPI!$D$16 -> 14.634932 | R15: =A2_Rohdaten!R98*A1_HVPI!$D$16 -> 14.634932 | S15: =A2_Rohdaten!S98*A1_HVPI!$D$16 -> 14.634932 | ... AD15: =A2_Rohdaten!AD98*A1_HVPI!$D$16 -> 14.634932
B16: Wasserstoff grün industrieller Großverbraucher - Endverbraucherpreis lokale Produktion | C16: ="" | D16: EUR2023/MWh | E16: =A2_Rohdaten!E99*A1_HVPI!$D$16 -> 328.77852 | F16: =A2_Rohdaten!F99*A1_HVPI!$D$16 -> 314.16491 | G16: =A2_Rohdaten!G99*A1_HVPI!$D$16 -> 299.5513 | H16: =A2_Rohdaten!H99*A1_HVPI!$D$16 -> 284.93769 | I16: =A2_Rohdaten!I99*A1_HVPI!$D$16 -> 270.32408 | J16: =A2_Rohdaten!J99*A1_HVPI!$D$16 -> 255.71047 | K16: =A2_Rohdaten!K99*A1_HVPI!$D$16 -> 241.09686
B17: Wasserstoff grün industrieller Großverbraucher - Endverbraucherpreis Import H2 Global | C17: ="" | D17: EUR2023/MWh | E17: =A2_Rohdaten!E100*A1_HVPI!$D$16 -> 181.46657 | F17: =A2_Rohdaten!F100*A1_HVPI!$D$16 -> 177.76522 | G17: =A2_Rohdaten!G100*A1_HVPI!$D$16 -> 174.20597 | H17: =A2_Rohdaten!H100*A1_HVPI!$D$16 -> 170.83426 | I17: =A2_Rohdaten!I100*A1_HVPI!$D$16 -> 167.67995 | J17: =A2_Rohdaten!J100*A1_HVPI!$D$16 -> 164.92705 | K17: =A2_Rohdaten!K100*A1_HVPI!$D$16 -> 162.42444
B18: Wasserstoff blau industrieller Großverbraucher - Endverbraucherpreis | C18: ="" | D18: EUR2023/MWh | L18: =A2_Rohdaten!L101*A1_HVPI!$D$16 -> 118.80967 | M18: =A2_Rohdaten!M101*A1_HVPI!$D$16 -> 118.57794 | N18: =A2_Rohdaten!N101*A1_HVPI!$D$16 -> 118.3462 | O18: =A2_Rohdaten!O101*A1_HVPI!$D$16 -> 118.11447 | P18: =A2_Rohdaten!P101*A1_HVPI!$D$16 -> 116.45502 | Q18: =A2_Rohdaten!Q101*A1_HVPI!$D$16 -> 114.79556 | R18: =A2_Rohdaten!R101*A1_HVPI!$D$16 -> 113.13611 | S18: =A2_Rohdaten!S101*A1_HVPI!$D$16 -> 111.47665 | ... AD18: =A2_Rohdaten!AD101*A1_HVPI!$D$16 -> 101.70341
B19: davon Beschaffung und Vertrieb | C19: ="" | D19: EUR2023/MWh | L19: =A2_Rohdaten!L102*A1_HVPI!$D$16 -> 104.17474 | M19: =A2_Rohdaten!M102*A1_HVPI!$D$16 -> 103.943 | N19: =A2_Rohdaten!N102*A1_HVPI!$D$16 -> 103.71127 | O19: =A2_Rohdaten!O102*A1_HVPI!$D$16 -> 103.47954 | P19: =A2_Rohdaten!P102*A1_HVPI!$D$16 -> 101.82009 | Q19: =A2_Rohdaten!Q102*A1_HVPI!$D$16 -> 100.16063 | R19: =A2_Rohdaten!R102*A1_HVPI!$D$16 -> 98.501175 | S19: =A2_Rohdaten!S102*A1_HVPI!$D$16 -> 96.841719 | ... AD19: =A2_Rohdaten!AD102*A1_HVPI!$D$16 -> 87.068478
B20: davon Netzentgelte | C20: ="" | D20: EUR2023/MWh | L20: =A2_Rohdaten!L103*A1_HVPI!$D$16 -> 14.634932 | M20: =A2_Rohdaten!M103*A1_HVPI!$D$16 -> 14.634932 | N20: =A2_Rohdaten!N103*A1_HVPI!$D$16 -> 14.634932 | O20: =A2_Rohdaten!O103*A1_HVPI!$D$16 -> 14.634932 | P20: =A2_Rohdaten!P103*A1_HVPI!$D$16 -> 14.634932 | Q20: =A2_Rohdaten!Q103*A1_HVPI!$D$16 -> 14.634932 | R20: =A2_Rohdaten!R103*A1_HVPI!$D$16 -> 14.634932 | S20: =A2_Rohdaten!S103*A1_HVPI!$D$16 -> 14.634932 | ... AD20: =A2_Rohdaten!AD103*A1_HVPI!$D$16 -> 14.634932
B21: Wasserstoff grau Tankstelle - Endverbraucherpreis | C21: ="" | D21: EUR2023/MWh | E21: =A2_Rohdaten!E104*A1_HVPI!$D$16 -> 393.54439 | F21: =A2_Rohdaten!F104*A1_HVPI!$D$16 -> 361.40472 | G21: =A2_Rohdaten!G104*A1_HVPI!$D$16 -> 341.71402 | H21: =A2_Rohdaten!H104*A1_HVPI!$D$16 -> 304.30096 | I21: =A2_Rohdaten!I104*A1_HVPI!$D$16 -> 266.05432 | J21: =A2_Rohdaten!J104*A1_HVPI!$D$16 -> 228.05621 | K21: =A2_Rohdaten!K104*A1_HVPI!$D$16 -> 196.36313 | L21: =A2_Rohdaten!L104*A1_HVPI!$D$16 -> 163.90817 | ... AD21: =A2_Rohdaten!AD104*A1_HVPI!$D$16 -> 160.69661
B22: davon Beschaffung und Vertrieb | C22: ="" | D22: EUR2023/MWh | E22: =A2_Rohdaten!E105*A1_HVPI!$D$16 -> 116.23196 | F22: =A2_Rohdaten!F105*A1_HVPI!$D$16 -> 97.957907 | G22: =A2_Rohdaten!G105*A1_HVPI!$D$16 -> 91.439548 | H22: =A2_Rohdaten!H105*A1_HVPI!$D$16 -> 83.987742 | I22: =A2_Rohdaten!I105*A1_HVPI!$D$16 -> 75.702352 | J22: =A2_Rohdaten!J105*A1_HVPI!$D$16 -> 67.665491 | K22: =A2_Rohdaten!K105*A1_HVPI!$D$16 -> 65.933655 | L22: =A2_Rohdaten!L105*A1_HVPI!$D$16 -> 63.43995 | ... AD22: =A2_Rohdaten!AD105*A1_HVPI!$D$16 -> 83.230988
B23: davon Netzentgelte und Tankstellenbetrieb | C23: ="" | D23: EUR2023/MWh | E23: =A2_Rohdaten!E106*A1_HVPI!$D$16 -> 277.31243 | F23: =A2_Rohdaten!F106*A1_HVPI!$D$16 -> 263.44681 | G23: =A2_Rohdaten!G106*A1_HVPI!$D$16 -> 250.27447 | H23: =A2_Rohdaten!H106*A1_HVPI!$D$16 -> 220.31322 | I23: =A2_Rohdaten!I106*A1_HVPI!$D$16 -> 190.35197 | J23: =A2_Rohdaten!J106*A1_HVPI!$D$16 -> 160.39072 | K23: =A2_Rohdaten!K106*A1_HVPI!$D$16 -> 130.42947 | L23: =A2_Rohdaten!L106*A1_HVPI!$D$16 -> 100.46822 | ... AD23: =A2_Rohdaten!AD106*A1_HVPI!$D$16 -> 77.465622

Sheet 07_EU ETS 2
A1: zum Inhalt
A3: EU-ETS-2-Preis
A4: Szenario | B4: Einheit | C4: 2025 | D4: 2026 | E4: 2027 | F4: 2028 | G4: 2029 | H4: 2030 | I4: 2031 | J4: 2032 | K4: 2033 | L4: 2034 | M4: 2035 | N4: 2036 | O4: 2037 | P4: 2038 | Q4: 2039 | R4: 2040 | S4: 2041 | T4: 2042 | U4: 2043 | V4: 2044 | W4: 2045 | X4: 2046 | Y4: 2047 | Z4: 2048 | AA4: 2049 | AB4: 2050 | AC4: Anmerkung
A5: Ariadne-Report (2025) | B5: EUR2023/t CO2 | C5: =A2_Rohdaten!E125*A1_HVPI!$D$12 -> 129.6073 | H5: =A2_Rohdaten!J125*A1_HVPI!$D$12 -> 237.81157 | M5: =A2_Rohdaten!O125*A1_HVPI!$D$12 -> 356.71735 | R5: =A2_Rohdaten!T125*A1_HVPI!$D$12 -> 475.62313 | W5: =A2_Rohdaten!Y125*A1_HVPI!$D$12 -> 594.52891 | AB5: =A2_Rohdaten!AD125*A1_HVPI!$D$12 -> 594.52891
A6: UBA-Projektionsbericht (2026) | B6: EUR2023/t CO2 | C6: =A2_Rohdaten!E126*A1_HVPI!$D$16 -> 51.710093 | D6: =A2_Rohdaten!F126*A1_HVPI!$D$16 -> 59.51539 | E6: =A2_Rohdaten!G126*A1_HVPI!$D$16 -> 71.223336 | F6: =A2_Rohdaten!H126*A1_HVPI!$D$16 -> 81.955619 | G6: =A2_Rohdaten!I126*A1_HVPI!$D$16 -> 92.687903 | H6: =A2_Rohdaten!J126*A1_HVPI!$D$16 -> 103.42019 | I6: =A2_Rohdaten!K126*A1_HVPI!$D$16 -> 113.17681 | J6: =A2_Rohdaten!L126*A1_HVPI!$D$16 -> 121.95777 | ... AB6: =A2_Rohdaten!AD126*A1_HVPI!$D$16 -> 244.8912
A7: Agora-KN45 (2024) | B7: EUR2023/t CO2 | C7: =A2_Rohdaten!E127*A1_HVPI!$D$14 -> 88.719783 | H7: =A2_Rohdaten!J127*A1_HVPI!$D$14 -> 140.27525 | M7: =A2_Rohdaten!O127*A1_HVPI!$D$14 -> 164.73368 | R7: =A2_Rohdaten!T127*A1_HVPI!$D$14 -> 189.33349 | W7: =A2_Rohdaten!Y127*A1_HVPI!$D$14 -> 205.62012
A8: BMWE-Langfristszenarien (2024) | B8: EUR2023/t CO3 | C8: =A2_Rohdaten!E128*A1_HVPI!$D$10 -> 66.542607 | H8: =A2_Rohdaten!J128*A1_HVPI!$D$10 -> 120.98656 | M8: =A2_Rohdaten!O128*A1_HVPI!$D$10 -> 241.97312 | R8: =A2_Rohdaten!T128*A1_HVPI!$D$10 -> 362.95968 | W8: =A2_Rohdaten!Y128*A1_HVPI!$D$10 -> 362.95968 | AB8: =A2_Rohdaten!AD128*A1_HVPI!$D$10 -> 362.95968

Sheet A1_HVPI
B2: Harmonisierter Verbraucherpreisindex
B4: Eurostat (2026) Harmonisierter Verbraucherpreisindex - ECOICOP ver.2 - Index und Veränderungsrate, Jährliche Daten (Online-Datencode: prc_hicp_ainr), abgerufen am 17. September 2026
B5: Link: https://ec.europa.eu/eurostat/databrowser/view/prc_hicp_ainr/default/table?lang=en&category=prc.prc_hicp.prc_hicp_ecoicop2
C7: Jahresdurchschnittsindex (2025=100) | D7: Umrechnungsfaktor zu EUR2023
B8: 2016 | C8: 76.07
B9: 2017 | C9: 77.38 | D9: =C15/C9 -> 1.2330059
B10: 2018 | C10: 78.86 | D10: =C15/C10 -> 1.2098656
B11: 2019 | C11: 79.95 | D11: =C15/C11 -> 1.1933709
B12: 2020 | C12: 80.24 | D12: =C15/C12 -> 1.1890578
B13: 2021 | C13: 82.81 | D13: =C15/C13 -> 1.1521555
B14: 2022 | C14: 89.99 | D14: =C15/C14 -> 1.0602289
B15: 2023 | C15: 95.41 | D15: =C15/C15 -> 1
B16: 2024 | C16: 97.79 | D16: =C15/C16 -> 0.97566213
B17: 2025 | C17: 100 | D17: =C15/C17 -> 0.9541
K46: =170*1.218718843 -> 207.1822

Sheet A2_Rohdaten
A1: Zentrale Rohdatenablage: Werte exakt wie in der Quelle (Originalpreisstand). Alle Auswertungsblätter greifen per Formel hierauf zu; die Umrechnung auf den Zielpreisstand erfolgt über die Faktoren im Blatt A1_Inflation.
A3: Energieträger | B3: Quelle | C3: Bezeichnung | D3: Maßeinheit | E3: 2025 | F3: 2026 | G3: 2027 | H3: 2028 | I3: 2029 | J3: 2030 | K3: 2031 | L3: 2032 | M3: 2033 | N3: 2034 | O3: 2035 | P3: 2036 | Q3: 2037 | R3: 2038 | S3: 2039 | T3: 2040 | U3: 2041 | V3: 2042 | W3: 2043 | X3: 2044 | Y3: 2045 | Z3: 2046 | AA3: 2047 | AB3: 2048 | AC3: 2049 | AD3: 2050 | AE3: Quellen
A4: Gas | B4: UBA-Projektionsbericht (2026) | C4: Erdgas Haushalte (20-200 GJ) - Endverbraucherpreis inkl. MwSt. | D4: EUR2024/MWh | E4: 129.43 | F4: 121.41 | G4: 121.65 | H4: 121.12 | I4: 120.82 | J4: 120.27 | K4: 121.67 | L4: 124.44 | M4: 127.61 | N4: 130.69 | O4: 133.71 | P4: 136.65 | Q4: 139.53 | R4: 142.34 | S4: 145.1 | T4: 147.79 | U4: 152.13 | V4: 156.53 | W4: 160.91 | X4: 165.24 | Y4: 169.52 | Z4: 172.28 | AA4: 174.98 | AB4: 177.64 | AC4: 180.24 | AD4: 182.8 | AE4: https://www.umweltbundesamt.de/publikationen/rahmendaten-endverbrauchspreise-fur-die
A5: Gas | B5: UBA-Projektionsbericht (2026) | C5: davon Erdgas Haushalte (20-200 GJ) - Beschaffung und Vertrieb | D5: EUR2024/MWh | E5: 61.42 | F5: 54.29 | G5: 50.2 | H5: 45.58 | I5: 41.26 | J5: 36.78 | K5: 34.83 | L5: 34.08 | M5: 33.73 | N5: 33.38 | O5: 33.04 | P5: 32.69 | Q5: 32.34 | R5: 31.99 | S5: 31.65 | T5: 31.3 | U5: 31.14 | V5: 31.08 | W5: 31.05 | X5: 31.01 | Y5: 30.98 | Z5: 30.95 | AA5: 30.92 | AB5: 30.88 | AC5: 30.85 | AD5: 30.82 | AE5: https://www.umweltbundesamt.de/publikationen/rahmendaten-endverbrauchspreise-fur-die
A6: Gas | B6: UBA-Projektionsbericht (2026) | C6: davon Erdgas Haushalte (20-200 GJ) - CO2-Preisaufschlag | D6: EUR2024/MWh | E6: 10.68 | F6: 12.26 | G6: 14.65 | H6: 16.91 | I6: 19.06 | J6: 21.13 | K6: 23.14 | L6: 25.08 | M6: 26.95 | N6: 28.74 | O6: 30.48 | P6: 32.14 | Q6: 33.75 | R6: 35.31 | S6: 36.81 | T6: 38.25 | U6: 39.65 | V6: 41 | W6: 42.3 | X6: 43.56 | Y6: 44.77 | Z6: 45.94 | AA6: 47.07 | AB6: 48.15 | AC6: 49.19 | AD6: 50.19 | AE6: https://www.umweltbundesamt.de/publikationen/rahmendaten-endverbrauchspreise-fur-die
A7: Gas | B7: UBA-Projektionsbericht (2026) | C7: davon Erdgas Haushalte (20-200 GJ) - Energiesteuer, Konzessionsabgabe, Gasspeicherumlage | D7: EUR2024/MWh | E7: 9.8 | F7: 6.55 | G7: 6.38 | H7: 6.23 | I7: 6.08 | J7: 5.96 | K7: 5.84 | L7: 5.74 | M7: 5.64 | N7: 5.54 | O7: 5.45 | P7: 5.37 | Q7: 5.28 | R7: 5.2 | S7: 5.13 | T7: 5.05 | U7: 4.98 | V7: 4.91 | W7: 4.84 | X7: 4.78 | Y7: 4.71 | Z7: 4.65 | AA7: 4.59 | AB7: 4.53 | AC7: 4.47 | AD7: 4.42 | AE7: https://www.umweltbundesamt.de/publikationen/rahmendaten-endverbrauchspreise-fur-die
A8: Gas | B8: UBA-Projektionsbericht (2026) | C8: davon Erdgas Haushalte (20-200 GJ) - Netzentgelte | D8: EUR2024/MWh | E8: 26.86 | F8: 28.93 | G8: 31 | H8: 33.06 | I8: 35.13 | J8: 37.2 | K8: 38.44 | L8: 39.68 | M8: 40.92 | N8: 42.15 | O8: 43.39 | P8: 44.63 | Q8: 45.87 | R8: 47.11 | S8: 48.35 | T8: 49.59 | U8: 52.07 | V8: 54.55 | W8: 57.03 | X8: 59.51 | Y8: 61.99 | Z8: 63.23 | AA8: 64.47 | AB8: 65.71 | AC8: 66.95 | AD8: 68.19 | AE8: https://www.umweltbundesamt.de/publikationen/rahmendaten-endverbrauchspreise-fur-die
A9: Gas | B9: UBA-Projektionsbericht (2026) | C9: davon Erdgas Haushalte (20-200 GJ) - MwSt. | D9: EUR2024/MWh | E9: 20.66 | F9: 19.39 | G9: 19.42 | H9: 19.34 | I9: 19.29 | J9: 19.2 | K9: 19.43 | L9: 19.87 | M9: 20.37 | N9: 20.87 | O9: 21.35 | P9: 21.82 | Q9: 22.28 | R9: 22.73 | S9: 23.17 | T9: 23.6 | U9: 24.29 | V9: 24.99 | W9: 25.69 | X9: 26.38 | Y9: 27.07 | Z9: 27.51 | AA9: 27.94 | AB9: 28.36 | AC9: 28.78 | AD9: 29.19 | AE9: https://www.umweltbundesamt.de/publikationen/rahmendaten-endverbrauchspreise-fur-die
A10: Gas | B10: UBA-Projektionsbericht (2026) | C10: Erdgas Industrie I3 (10.000-100.000 GJ) - Endverbraucherpreis | D10: EUR2024/MWh | E10: 86.58 | F10: 76.68 | G10: 76.42 | H10: 74.55 | I10: 73.03 | J10: 71.31 | K10: 72.14 | L10: 73.72 | M10: 75.63 | N10: 77.48 | O10: 79.27 | P10: 80.99 | Q10: 82.66 | R10: 84.28 | S10: 85.85 | T10: 87.37 | U10: 89.56 | V10: 91.76 | W10: 93.95 | X10: 96.1 | Y10: 98.21 | Z10: 99.78 | AA10: 101.3 | AB10: 102.79 | AC10: 104.23 | AD10: 105.64 | AE10: https://www.umweltbundesamt.de/publikationen/rahmendaten-endverbrauchspreise-fur-die
A11: Gas | B11: UBA-Projektionsbericht (2026) | C11: davon Erdgas Industrie I3 (10.000-100.000 GJ) - Beschaffung und Vertrieb | D11: EUR2024/MWh | E11: 56.11 | F11: 47.06 | G11: 43.74 | H11: 38.94 | I11: 34.6 | J11: 30.1 | K11: 28.54 | L11: 27.79 | M11: 27.44 | N11: 27.09 | O11: 26.74 | P11: 26.4 | Q11: 26.05 | R11: 25.7 | S11: 25.35 | T11: 25 | U11: 24.87 | V11: 24.81 | W11: 24.78 | X11: 24.74 | Y11: 24.71 | Z11: 24.68 | AA11: 24.64 | AB11: 24.61 | AC11: 24.58 | AD11: 24.55 | AE11: https://www.umweltbundesamt.de/publikationen/rahmendaten-endverbrauchspreise-fur-die
A12: Gas | B12: UBA-Projektionsbericht (2026) | C12: davon Erdgas Industrie I3 (10.000-100.000 GJ) - CO2-Preisaufschlag | D12: EUR2024/MWh | E12: 10.68 | F12: 12.26 | G12: 14.65 | H12: 16.91 | I12: 19.06 | J12: 21.13 | K12: 23.14 | L12: 25.08 | M12: 26.95 | N12: 28.74 | O12: 30.48 | P12: 32.14 | Q12: 33.75 | R12: 35.31 | S12: 36.81 | T12: 38.25 | U12: 39.65 | V12: 41 | W12: 42.3 | X12: 43.56 | Y12: 44.77 | Z12: 45.94 | AA12: 47.07 | AB12: 48.15 | AC12: 49.19 | AD12: 50.19 | AE12: https://www.umweltbundesamt.de/publikationen/rahmendaten-endverbrauchspreise-fur-die
A13: Gas | B13: UBA-Projektionsbericht (2026) | C13: davon Erdgas Industrie I3 (10.000-100.000 GJ) - Energiesteuer, Konzessionsabgabe, Gasspeicherumlage | D13: EUR2024/MWh | E13: 9.07 | F13: 5.82 | G13: 5.66 | H13: 5.5 | I13: 5.36 | J13: 5.23 | K13: 5.12 | L13: 5.01 | M13: 4.91 | N13: 4.82 | O13: 4.73 | P13: 4.64 | Q13: 4.56 | R13: 4.48 | S13: 4.4 | T13: 4.32 | U13: 4.25 | V13: 4.18 | W13: 4.12 | X13: 4.05 | Y13: 3.99 | Z13: 3.92 | AA13: 3.86 | AB13: 3.8 | AC13: 3.75 | AD13: 3.69 | AE13: https://www.umweltbundesamt.de/publikationen/rahmendaten-endverbrauchspreise-fur-die
A14: Gas | B14: UBA-Projektionsbericht (2026) | C14: davon Erdgas Industrie I3 (10.000-100.000 GJ) - Netzentgelte | D14: EUR2024/MWh | E14: 10.72 | F14: 11.55 | G14: 12.37 | H14: 13.2 | I14: 14.02 | J14: 14.84 | K14: 15.34 | L14: 15.83 | M14: 16.33 | N14: 16.82 | O14: 17.32 | P14: 17.81 | Q14: 18.31 | R14: 18.8 | S14: 19.3 | T14: 19.79 | U14: 20.78 | V14: 21.77 | W14: 22.76 | X14: 23.75 | Y14: 24.74 | Z14: 25.24 | AA14: 25.73 | AB14: 26.23 | AC14: 26.72 | AD14: 27.22 | AE14: https://www.umweltbundesamt.de/publikationen/rahmendaten-endverbrauchspreise-fur-die
A15: Gas | B15: UBA-Projektionsbericht (2026) | C15: Erdgas Industrie I6 (> 4.000.000 GJ) - Endverbraucherpreis | D15: EUR2024/MWh | E15: 55.73 | F15: 46.25 | G15: 42.28 | H15: 38.57 | I15: 34.58 | J15: 30.6 | K15: 29.52 | L15: 29.19 | M15: 28.86 | N15: 28.54 | O15: 28.22 | P15: 27.91 | Q15: 27.6 | R15: 27.3 | S15: 26.99 | T15: 26.69 | U15: 26.7 | V15: 26.77 | W15: 26.84 | X15: 26.92 | Y15: 26.99 | Z15: 26.99 | AA15: 26.98 | AB15: 26.98 | AC15: 26.97 | AD15: 26.97 | AE15: https://www.umweltbundesamt.de/publikationen/rahmendaten-endverbrauchspreise-fur-die
... A18: Gas | B18: UBA-Projektionsbericht (2026) | C18: davon Erdgas Industrie I6 (> 4.000.000 GJ) - Netzentgelte | D18: EUR2024/MWh | E18: 1.82 | F18: 1.96 | G18: 2.1 | H18: 2.24 | I18: 2.38 | J18: 2.52 | K18: 2.6 | L18: 2.69 | M18: 2.77 | N18: 2.86 | O18: 2.94 | P18: 3.02 | Q18: 3.11 | R18: 3.19 | S18: 3.28 | T18: 3.36 | U18: 3.53 | V18: 3.7 | W18: 3.86 | X18: 4.03 | Y18: 4.2 | Z18: 4.28 | AA18: 4.37 | AB18: 4.45 | AC18: 4.54 | AD18: 4.62 | AE18: https://www.umweltbundesamt.de/publikationen/rahmendaten-endverbrauchspreise-fur-die
A19: Gas | B19: BMWE-Langfristszenarien (2024) | C19: Erdgas - Endverbraucher | D19: EUR2018/MWh | E19: 100 | J19: 96.3 | O19: 120 | T19: 160 | AE19: https://langfristszenarien.de/enertile-explorer-wAssets/docs/20240924_Gebaeudebericht.pdf
A20: Gas | B20: Ariadne (KN2045_Mix) | C20: Erdgas - Endverbraucher | D20: EUR2020/GJ | E20: 23.75 | J20: 27.87 | O20: 33.34 | T20: 41.94 | Y20: 50.75 | AE20: https://openenergyplatform.org/database/tables/agora_knde_2024_jaehrlich
A21: Gas | B21: UBA-Projektionsbericht (2026) | C21: Biomethan - Endverbraucherpreis inkl. MwSt. | D21: EUR2024/MWh | E21: 194.33096 | F21: 177.58332 | G21: 175.79517 | H21: 172.61189 | I21: 169.85047 | J21: 170.65105 | K21: 171.98815 | L21: 175.80882 | M21: 180.3514 | N21: 184.74978 | O21: 189.01224 | P21: 193.14832 | Q21: 197.16797 | R21: 201.07087 | S21: 204.86182 | T21: 208.54589 | U21: 214.01893 | V21: 219.59105 | W21: 225.13364 | X21: 230.58351 | Y21: 235.94236 | Z21: 239.73594 | AA21: 243.4392 | AB21: 247.05228 | AC21: 250.57541 | AD21: 254.00872 | AE21: https://www.umweltbundesamt.de/publikationen/rahmendaten-endverbrauchspreise-fur-die
A22: Gas | B22: UBA-Projektionsbericht (2026) | C22: davon Biomethan - Beschaffung und Vertrieb | D22: EUR2024/MWh | E22: 138.88204 | F22: 122.92984 | G22: 119.54863 | H22: 114.99505 | I22: 110.79597 | J22: 106.20875 | K22: 106.09252 | L22: 108.06331 | M22: 110.64076 | N22: 113.09703 | O22: 115.43908 | P22: 117.67493 | Q22: 119.81293 | R22: 121.85283 | S22: 123.79865 | T22: 125.65466 | U22: 127.77415 | V22: 129.97691 | W22: 132.15485 | X22: 134.25487 | Y22: 136.27841 | Z22: 138.22644 | AA22: 140.09858 | AB22: 141.89493 | AC22: 143.61569 | AD22: 145.26098 | AE22: https://www.umweltbundesamt.de/publikationen/rahmendaten-endverbrauchspreise-fur-die
A23: Gas | B23: UBA-Projektionsbericht (2026) | C23: davon Biomethan - Netzentgelte | D23: EUR2024/MWh | E23: 24.421281 | F23: 26.299841 | G23: 28.178401 | H23: 30.056962 | I23: 31.935522 | J23: 37.19549 | K23: 38.43534 | L23: 39.675189 | M23: 40.915039 | N23: 42.154889 | O23: 43.394738 | P23: 44.634588 | Q23: 45.874438 | R23: 47.114287 | S23: 48.354137 | T23: 49.593987 | U23: 52.073686 | V23: 54.553385 | W23: 57.033085 | X23: 59.512784 | Y23: 61.992483 | Z23: 63.232333 | AA23: 64.472182 | AB23: 65.712032 | AC23: 66.951882 | AD23: 68.191731 | AE23: https://www.umweltbundesamt.de/publikationen/rahmendaten-endverbrauchspreise-fur-die
A24: Gas | B24: UBA-Projektionsbericht (2026) | C24: davon Biomethan - MwSt. | D24: EUR2024/MWh | E24: 31.027632 | F24: 28.353639 | G24: 28.068136 | H24: 27.559882 | I24: 27.118983 | J24: 27.246806 | K24: 27.460293 | L24: 28.070316 | M24: 28.795601 | N24: 29.497865 | O24: 30.178425 | P24: 30.838808 | Q24: 31.4806 | R24: 32.103753 | S24: 32.70903 | T24: 33.297242 | U24: 34.171089 | V24: 35.060757 | W24: 35.945708 | X24: 36.815855 | Y24: 37.671469 | Z24: 38.277168 | AA24: 38.868444 | AB24: 39.445322 | AC24: 40.007838 | AD24: 40.556015 | AE24: https://www.umweltbundesamt.de/publikationen/rahmendaten-endverbrauchspreise-fur-die
A25: Gas | B25: UBA-Projektionsbericht (2026) | C25: Erdgas Industrie I3 (10.000-100.000 GJ) - Endverbraucherpreis | D25: EUR2024/MWh | E25: 86.583467 | F25: 76.678143 | G25: 76.421856 | H25: 74.547292 | I25: 73.033371 | J25: 71.305295 | K25: 72.135519 | L25: 73.716064 | M25: 75.631335 | N25: 77.479748 | O25: 79.265136 | P25: 80.991928 | Q25: 82.664735 | R25: 84.28341 | S25: 85.850176 | T25: 87.367385 | U25: 89.55694 | V25: 91.761835 | W25: 93.953033 | X25: 96.10124 | Y25: 98.207246 | Z25: 99.776764 | AA25: 101.3044 | AB25: 102.79023 | AC25: 104.23434 | AD25: 105.63682 | AE25: https://datacube.uba.de/vis?fs%5b0%5d=Themen,0%7CKlima%23CLIMATE%23&pg=0&fc=Themen&bp=true&snb=17&vw=tb&df%5bds%5d=ds-dc-release&df%5bid%5d=DF_CROSS_PROJECTION_REPORT_BASIC_26&df%5bag%5d=UBA&df%5bvs%5d=1.0&dq=.A....&pd=,2050&to%5bTIME_PERIOD%5d=false
A26: Gas | B26: UBA-Projektionsbericht (2026) | C26: davon Beschaffung und Vertrieb | D26: EUR2024/MWh | E26: 56.108521 | F26: 47.055677 | G26: 43.742225 | H26: 38.937057 | I26: 34.599906 | J26: 30.09771 | K26: 28.544456 | L26: 27.793634 | M26: 27.44403 | N26: 27.094425 | O26: 26.744821 | P26: 26.395216 | Q26: 26.045611 | R26: 25.696007 | S26: 25.346402 | T26: 24.996798 | U26: 24.87213 | V26: 24.80867 | W26: 24.775813 | X26: 24.742957 | Y26: 24.7101 | Z26: 24.677243 | AA26: 24.644387 | AB26: 24.61153 | AC26: 24.578674 | AD26: 24.545817 | AE26: https://datacube.uba.de/vis?fs%5b0%5d=Themen,0%7CKlima%23CLIMATE%23&pg=0&fc=Themen&bp=true&snb=17&vw=tb&df%5bds%5d=ds-dc-release&df%5bid%5d=DF_CROSS_PROJECTION_REPORT_BASIC_26&df%5bag%5d=UBA&df%5bvs%5d=1.0&dq=.A....&pd=,2050&to%5bTIME_PERIOD%5d=false
A27: Gas | B27: UBA-Projektionsbericht (2026) | C27: davon CO2-Preisaufschlag | D27: EUR2024/MWh | E27: 10.680583 | F27: 12.256949 | G27: 14.652829 | H27: 16.913538 | I27: 19.05689 | J27: 21.1327 | K27: 23.136262 | L27: 25.077603 | M27: 26.946785 | N27: 28.744678 | O27: 30.475478 | P27: 32.143815 | Q27: 33.754433 | R27: 35.307812 | S27: 36.806424 | T27: 38.252811 | U27: 39.649282 | V27: 40.997586 | W27: 42.299449 | X27: 43.556338 | Y27: 44.769211 | Z27: 45.938779 | AA27: 47.065016 | AB27: 48.148138 | AC27: 49.188376 | AD27: 50.185909 | AE27: https://datacube.uba.de/vis?fs%5b0%5d=Themen,0%7CKlima%23CLIMATE%23&pg=0&fc=Themen&bp=true&snb=17&vw=tb&df%5bds%5d=ds-dc-release&df%5bid%5d=DF_CROSS_PROJECTION_REPORT_BASIC_26&df%5bag%5d=UBA&df%5bvs%5d=1.0&dq=.A....&pd=,2050&to%5bTIME_PERIOD%5d=false
A28: Gas | B28: UBA-Projektionsbericht (2026) | C28: davon Energiesteuer, Konzessionsabgabe, Gasspeicherumlage | D28: EUR2024/MWh | E28: 9.0730678 | F28: 5.8195073 | G28: 5.6560765 | H28: 5.5012568 | I28: 5.3564198 | J28: 5.2300148 | K28: 5.1151016 | L28: 5.0102985 | M28: 4.9111629 | N28: 4.8164584 | O28: 4.7258217 | P28: 4.6390524 | Q28: 4.5560171 | R28: 4.4760893 | S28: 4.3990183 | T28: 4.324616 | U28: 4.252709 | V28: 4.1831024 | W28: 4.1156357 | X28: 4.0501536 | Y28: 3.986484 | Z28: 3.924462 | AA28: 3.8638906 | AB28: 3.804621 | AC28: 3.7465274 | AD28: 3.6894979 | AE28: https://datacube.uba.de/vis?fs%5b0%5d=Themen,0%7CKlima%23CLIMATE%23&pg=0&fc=Themen&bp=true&snb=17&vw=tb&df%5bds%5d=ds-dc-release&df%5bid%5d=DF_CROSS_PROJECTION_REPORT_BASIC_26&df%5bag%5d=UBA&df%5bvs%5d=1.0&dq=.A....&pd=,2050&to%5bTIME_PERIOD%5d=false
A29: Gas | B29: UBA-Projektionsbericht (2026) | C29: davon Netzentgelte | D29: EUR2024/MWh | E29: 10.721295 | F29: 11.54601 | G29: 12.370725 | H29: 13.19544 | I29: 14.020155 | J29: 14.84487 | K29: 15.339699 | L29: 15.834528 | M29: 16.329357 | N29: 16.824186 | O29: 17.319015 | P29: 17.813844 | Q29: 18.308673 | R29: 18.803502 | S29: 19.298331 | T29: 19.79316 | U29: 20.782819 | V29: 21.772477 | W29: 22.762135 | X29: 23.751793 | Y29: 24.741451 | Z29: 25.23628 | AA29: 25.731109 | AB29: 26.225938 | AC29: 26.720767 | AD29: 27.215596 | AE29: https://datacube.uba.de/vis?fs%5b0%5d=Themen,0%7CKlima%23CLIMATE%23&pg=0&fc=Themen&bp=true&snb=17&vw=tb&df%5bds%5d=ds-dc-release&df%5bid%5d=DF_CROSS_PROJECTION_REPORT_BASIC_26&df%5bag%5d=UBA&df%5bvs%5d=1.0&dq=.A....&pd=,2050&to%5bTIME_PERIOD%5d=false
A30: Gas | B30: UBA-Projektionsbericht (2026) | C30: Erdgas Industrie I6 (> 4.000.000 GJ) - Endverbraucherpreis | D30: EUR2024/MWh | E30: 55.725705 | F30: 46.248358 | G30: 42.280718 | H30: 38.574972 | I30: 34.576123 | J30: 30.595707 | K30: 29.517888 | L30: 29.186958 | M30: 28.861696 | N30: 28.540865 | O30: 28.224102 | P30: 27.911207 | Q30: 27.602045 | R30: 27.295991 | S30: 26.992793 | T30: 26.692265 | U30: 26.703048 | V30: 26.772332 | W30: 26.843755 | X30: 26.917163 | Y30: 26.992384 | Z30: 26.985233 | AA30: 26.979532 | AB30: 26.975134 | AC30: 26.971911 | AD30: 26.969752 | AE30: https://datacube.uba.de/vis?fs%5b0%5d=Themen,0%7CKlima%23CLIMATE%23&pg=0&fc=Themen&bp=true&snb=17&vw=tb&df%5bds%5d=ds-dc-release&df%5bid%5d=DF_CROSS_PROJECTION_REPORT_BASIC_26&df%5bag%5d=UBA&df%5bvs%5d=1.0&dq=.A....&pd=,2050&to%5bTIME_PERIOD%5d=false
A31: Gas | B31: UBA-Projektionsbericht (2026) | C31: davon Beschaffung und Vertrieb | D31: EUR2024/MWh | E31: 44.953233 | F31: 38.589415 | G31: 34.645174 | H31: 30.954216 | I31: 26.960172 | J31: 22.966129 | K31: 21.919204 | L31: 21.609058 | M31: 21.298913 | N31: 20.988767 | O31: 20.678622 | P31: 20.368476 | Q31: 20.058331 | R31: 19.748185 | S31: 19.43804 | T31: 19.127894 | U31: 19.042547 | V31: 19.013399 | W31: 18.984251 | X31: 18.955102 | Y31: 18.925954 | Z31: 18.896806 | AA31: 18.867658 | AB31: 18.83851 | AC31: 18.809362 | AD31: 18.780214 | AE31: https://datacube.uba.de/vis?fs%5b0%5d=Themen,0%7CKlima%23CLIMATE%23&pg=0&fc=Themen&bp=true&snb=17&vw=tb&df%5bds%5d=ds-dc-release&df%5bid%5d=DF_CROSS_PROJECTION_REPORT_BASIC_26&df%5bag%5d=UBA&df%5bvs%5d=1.0&dq=.A....&pd=,2050&to%5bTIME_PERIOD%5d=false
A32: Gas | B32: UBA-Projektionsbericht (2026) | C32: davon Energiesteuer, Konzessionsabgabe, Gasspeicherumlage | D32: EUR2024/MWh | E32: 8.9520574 | F32: 5.6984968 | G32: 5.535066 | H32: 5.3802463 | I32: 5.2354093 | J32: 5.1090043 | K32: 4.9940912 | L32: 4.889288 | M32: 4.7901525 | N32: 4.6954479 | O32: 4.6048112 | P32: 4.518042 | Q32: 4.4350067 | R32: 4.3550788 | S32: 4.2780079 | T32: 4.2036056 | U32: 4.1316986 | V32: 4.0620919 | W32: 3.9946252 | X32: 3.9291431 | Y32: 3.8654735 | Z32: 3.8034516 | AA32: 3.7428801 | AB32: 3.6836105 | AC32: 3.6255169 | AD32: 3.5684874 | AE32: https://datacube.uba.de/vis?fs%5b0%5d=Themen,0%7CKlima%23CLIMATE%23&pg=0&fc=Themen&bp=true&snb=17&vw=tb&df%5bds%5d=ds-dc-release&df%5bid%5d=DF_CROSS_PROJECTION_REPORT_BASIC_26&df%5bag%5d=UBA&df%5bvs%5d=1.0&dq=.A....&pd=,2050&to%5bTIME_PERIOD%5d=false
A33: Gas | B33: UBA-Projektionsbericht (2026) | C33: davon Netzentgelte | D33: EUR2024/MWh | E33: 1.8204142 | F33: 1.960446 | G33: 2.1004779 | H33: 2.2405098 | I33: 2.3805416 | J33: 2.5205735 | K33: 2.6045926 | L33: 2.6886117 | M33: 2.7726308 | N33: 2.85665 | O33: 2.9406691 | P33: 3.0246882 | Q33: 3.1087073 | R33: 3.1927264 | S33: 3.2767455 | T33: 3.3607647 | U33: 3.5288029 | V33: 3.6968411 | W33: 3.8648794 | X33: 4.0329176 | Y33: 4.2009558 | Z33: 4.2849749 | AA33: 4.3689941 | AB33: 4.4530132 | AC33: 4.5370323 | AD33: 4.6210514 | AE33: https://datacube.uba.de/vis?fs%5b0%5d=Themen,0%7CKlima%23CLIMATE%23&pg=0&fc=Themen&bp=true&snb=17&vw=tb&df%5bds%5d=ds-dc-release&df%5bid%5d=DF_CROSS_PROJECTION_REPORT_BASIC_26&df%5bag%5d=UBA&df%5bvs%5d=1.0&dq=.A....&pd=,2050&to%5bTIME_PERIOD%5d=false
A34: Gas | B34: Agora-KN45 (2024) | C34: Erdgas - Haushalte | D34: Cent2023/kWh | E34: 12089305 | J34: 13038005 | O34: 13257990 | T34: 13636622 | Y34: 17012353 | AE34: https://www.agora-energiewende.de/publikationen/klimaneutrales-deutschland-studie
A35: Gas | B35: Agora-KN45 (2024) | C35: davon Beschaffung | D35: Cent2023/kWh | E35: 3988864 | J35: 3038588 | O35: 2342116 | T35: 2278897 | Y35: 2203173 | AE35: https://www.agora-energiewende.de/publikationen/klimaneutrales-deutschland-studie
A36: Gas | B36: Agora-KN45 (2024) | C36: davon Netzentgelt, Messung, Messstellenbetrieb, Vertrieb, Gasspeicherumlage | D36: Cent2023/kWh | E36: 4543146 | J36: 493686 | O36: 53298 | T36: 53298 | Y36: 79494 | AE36: https://www.agora-energiewende.de/publikationen/klimaneutrales-deutschland-studie
A37: Gas | B37: Agora-KN45 (2024) | C37: davon Energiesteuer | D37: Cent2023/kWh | E37: 521763 | J37: 472475 | O37: 428061 | T37: 38874 | Y37: 35391 | AE37: https://www.agora-energiewende.de/publikationen/klimaneutrales-deutschland-studie
A38: Gas | B38: Agora-KN45 (2024) | C38: davon CO2-Preis | D38: Cent2023/kWh | E38: 1105308 | J38: 2508383 | O38: 3041191 | T38: 3461909 | Y38: 3789612 | AE38: https://www.agora-energiewende.de/publikationen/klimaneutrales-deutschland-studie
A39: Gas | B39: Agora-KN45 (2024) | C39: davon Umsatzsteuer | D39: Cent2023/kWh | E39: 1930225 | J39: 2081698 | O39: 2116822 | T39: 2177276 | Y39: 2716258 | AE39: https://www.agora-energiewende.de/publikationen/klimaneutrales-deutschland-studie
A40: Strom | B40: UBA-Projektionsbericht (2026) | C40: Strompreis Haushalte (2.500-5.000 kWh) - Endverbraucherpreis inkl. MwSt. | D40: Cent2024/kWh | E40: 38.3 | F40: 33.6 | G40: 32.07 | H40: 31.61 | I40: 31.52 | J40: 32.94 | K40: 33.06 | L40: 33.26 | M40: 33.57 | N40: 33.52 | O40: 33.91 | P40: 33.94 | Q40: 33.91 | R40: 33.54 | S40: 33.14 | T40: 32.7 | U40: 32.83 | V40: 32.91 | W40: 32.99 | X40: 33.42 | Y40: 33.45 | Z40: 33.53 | AA40: 33.62 | AB40: 33.71 | AC40: 33.8 | AD40: 33.89 | AE40: https://www.umweltbundesamt.de/publikationen/rahmendaten-endverbrauchspreise-fur-die
A41: Strom | B41: UBA-Projektionsbericht (2026) | C41: davon Haushalte - Beschaffung und Vertrieb | D41: Cent2024/kWh | E41: 16.12 | F41: 13.37 | G41: 11.43 | H41: 10.16 | I41: 9.29 | J41: 8.2 | K41: 7.94 | L41: 7.98 | M41: 8.17 | N41: 8.24 | O41: 8.15 | P41: 8.02 | Q41: 7.9 | R41: 7.77 | S41: 7.68 | T41: 7.57 | U41: 7.59 | V41: 7.61 | W41: 7.63 | X41: 7.63 | Y41: 7.68 | Z41: 7.78 | AA41: 7.88 | AB41: 7.98 | AC41: 8.09 | AD41: 8.19 | AE41: https://www.umweltbundesamt.de/publikationen/rahmendaten-endverbrauchspreise-fur-die
A42: Strom | B42: UBA-Projektionsbericht (2026) | C42: davon Haushalte - Netzentgelte | D42: Cent2024/kWh | E42: 11.9 | F42: 10.75 | G42: 11.44 | H42: 12.32 | I42: 13.1 | J42: 15.43 | K42: 15.81 | L42: 15.97 | M42: 16.08 | N42: 16 | O42: 16.46 | P42: 16.66 | Q42: 16.8 | R42: 16.64 | S42: 16.43 | T42: 16.2 | U42: 16.33 | V42: 16.41 | W42: 16.48 | X42: 16.88 | Y42: 16.89 | Z42: 16.89 | AA42: 16.89 | AB42: 16.89 | AC42: 16.89 | AD42: 16.89 | AE42: https://www.umweltbundesamt.de/publikationen/rahmendaten-endverbrauchspreise-fur-die
A43: Strom | B43: UBA-Projektionsbericht (2026) | C43: davon Haushalte - Konzessionsabgabe | D43: Cent2024/kWh | E43: 3.89 | F43: 3.85 | G43: 3.81 | H43: 3.78 | I43: 3.74 | J43: 3.71 | K43: 3.67 | L43: 3.64 | M43: 3.61 | N43: 3.58 | O43: 3.54 | P43: 3.51 | Q43: 3.48 | R43: 3.45 | S43: 3.42 | T43: 3.4 | U43: 3.37 | V43: 3.34 | W43: 3.32 | X43: 3.29 | Y43: 3.26 | Z43: 3.24 | AA43: 3.21 | AB43: 3.19 | AC43: 3.17 | AD43: 3.14 | AE43: https://www.umweltbundesamt.de/publikationen/rahmendaten-endverbrauchspreise-fur-die
A44: Strom | B44: UBA-Projektionsbericht (2026) | C44: davon Haushalte - Sonstige Umlagen | D44: Cent2024/kWh | E44: 0.27 | F44: 0.27 | G44: 0.26 | H44: 0.31 | I44: 0.35 | J44: 0.35 | K44: 0.36 | L44: 0.36 | M44: 0.35 | N44: 0.34 | O44: 0.34 | P44: 0.33 | Q44: 0.32 | R44: 0.32 | S44: 0.31 | T44: 0.31 | U44: 0.3 | V44: 0.3 | W44: 0.29 | X44: 0.29 | Y44: 0.28 | Z44: 0.27 | AA44: 0.27 | AB44: 0.26 | AC44: 0.26 | AD44: 0.26 | AE44: https://www.umweltbundesamt.de/publikationen/rahmendaten-endverbrauchspreise-fur-die
A45: Strom | B45: UBA-Projektionsbericht (2026) | C45: davon Haushalte - MwSt. | D45: Cent2024/kWh | E45: 6.12 | F45: 5.37 | G45: 5.12 | H45: 5.05 | I45: 5.03 | J45: 5.26 | K45: 5.28 | L45: 5.31 | M45: 5.36 | N45: 5.35 | O45: 5.41 | P45: 5.42 | Q45: 5.41 | R45: 5.36 | S45: 5.29 | T45: 5.22 | U45: 5.24 | V45: 5.25 | W45: 5.27 | X45: 5.34 | Y45: 5.34 | Z45: 5.35 | AA45: 5.37 | AB45: 5.38 | AC45: 5.4 | AD45: 5.41 | AE45: https://www.umweltbundesamt.de/publikationen/rahmendaten-endverbrauchspreise-fur-die
A46: Strom | B46: UBA-Projektionsbericht (2026) | C46: Haushalte Wärmepumpen-Tarif - Endverbraucherpreis inkl. MwSt. | D46: Cent2024/kWh | E46: 27.43 | F46: 22.34 | G46: 22.72 | H46: 21.55 | I46: 20.85 | J46: 20.3 | K46: 20.2 | L46: 20.37 | M46: 20.67 | N46: 20.79 | O46: 20.97 | P46: 20.9 | Q46: 20.81 | R46: 20.62 | S46: 20.37 | T46: 20.13 | U46: 20.12 | V46: 20.06 | W46: 20.22 | X46: 20.27 | Y46: 20.51 | Z46: 20.64 | AA46: 20.77 | AB46: 20.91 | AC46: 21.04 | AD46: 21.17 | AE46: https://www.umweltbundesamt.de/publikationen/rahmendaten-endverbrauchspreise-fur-die
A47: Strom | B47: UBA-Projektionsbericht (2026) | C47: davon Wärmepumpen-Tarif - Beschaffung und Vertrieb | D47: Cent2024/kWh | E47: 14.12 | F47: 10.39 | G47: 10.59 | H47: 9.43 | I47: 8.69 | J47: 7.84 | K47: 7.69 | L47: 7.84 | M47: 8.13 | N47: 8.34 | O47: 8.3 | P47: 8.24 | Q47: 8.15 | R47: 8.11 | S47: 8.04 | T47: 7.97 | U47: 8.12 | V47: 8.19 | W47: 8.43 | X47: 8.46 | Y47: 8.77 | Z47: 8.9 | AA47: 9.04 | AB47: 9.17 | AC47: 9.3 | AD47: 9.44 | AE47: https://www.umweltbundesamt.de/publikationen/rahmendaten-endverbrauchspreise-fur-die
A48: Strom | B48: UBA-Projektionsbericht (2026) | C48: davon Wärmepumpen-Tarif - Netzentgelte | D48: Cent2024/kWh | E48: 6.93 | F48: 6.43 | G48: 6.58 | H48: 6.8 | I48: 6.98 | J48: 7.4 | K48: 7.5 | L48: 7.53 | M48: 7.53 | N48: 7.45 | O48: 7.66 | P48: 7.7 | Q48: 7.75 | R48: 7.65 | S48: 7.54 | T48: 7.44 | U48: 7.32 | V48: 7.21 | W48: 7.14 | X48: 7.18 | Y48: 7.1 | Z48: 7.1 | AA48: 7.1 | AB48: 7.1 | AC48: 7.1 | AD48: 7.1 | AE48: https://www.umweltbundesamt.de/publikationen/rahmendaten-endverbrauchspreise-fur-die
A49: Strom | B49: UBA-Projektionsbericht (2026) | C49: davon Wärmepumpen-Tarif - Konzessionsabgabe | D49: Cent2024/kWh | E49: 2 | F49: 1.96 | G49: 1.92 | H49: 1.89 | I49: 1.85 | J49: 1.82 | K49: 1.78 | L49: 1.75 | M49: 1.72 | N49: 1.68 | O49: 1.65 | P49: 1.62 | Q49: 1.59 | R49: 1.56 | S49: 1.53 | T49: 1.5 | U49: 1.48 | V49: 1.45 | W49: 1.42 | X49: 1.4 | Y49: 1.37 | Z49: 1.35 | AA49: 1.32 | AB49: 1.3 | AC49: 1.28 | AD49: 1.25 | AE49: https://www.umweltbundesamt.de/publikationen/rahmendaten-endverbrauchspreise-fur-die
A50: Strom | B50: UBA-Projektionsbericht (2026) | C50: davon Wärmepumpen-Tarif - Sonstige Umlagen | D50: Cent2024/kWh | E50: 0 | F50: 0 | G50: 0 | H50: 0 | I50: 0 | J50: 0 | K50: 0 | L50: 0 | M50: 0 | N50: 0 | O50: 0 | P50: 0 | Q50: 0 | R50: 0 | S50: 0 | T50: 0 | U50: 0 | V50: 0 | W50: 0 | X50: 0 | Y50: 0 | Z50: 0 | AA50: 0 | AB50: 0 | AC50: 0 | AD50: 0 | AE50: https://www.umweltbundesamt.de/publikationen/rahmendaten-endverbrauchspreise-fur-die
A51: Strom | B51: UBA-Projektionsbericht (2026) | C51: davon Wärmepumpen-Tarif - MwSt. | D51: Cent2024/kWh | E51: 4.38 | F51: 3.57 | G51: 3.63 | H51: 3.44 | I51: 3.33 | J51: 3.24 | K51: 3.22 | L51: 3.25 | M51: 3.3 | N51: 3.32 | O51: 3.35 | P51: 3.34 | Q51: 3.32 | R51: 3.29 | S51: 3.25 | T51: 3.21 | U51: 3.21 | V51: 3.2 | W51: 3.23 | X51: 3.24 | Y51: 3.28 | Z51: 3.3 | AA51: 3.32 | AB51: 3.34 | AC51: 3.36 | AD51: 3.38 | AE51: https://www.umweltbundesamt.de/publikationen/rahmendaten-endverbrauchspreise-fur-die
A52: Strom | B52: Ariadne (KN2045_Mix) | C52: Haushalte | D52: EUR2020/GJ | E52: 68.619829 | J52: 67.111753 | O52: 64.57941 | T52: 64.413017 | Y52: 65 | AE52: https://explorer.ariadneprojekt.de/
A53: Strom | B53: Ariadne (KN2045_Mix) | C53: Haushalte (Strom für Wärme) | D53: EUR2020/GJ | E53: 52.505742 | J53: 50.346805 | O53: 46.019144 | T53: 44.034357 | Y53: 43.462961 | AD53: 42.949109 | AE53: https://explorer.ariadneprojekt.de/
A54: Strom | B54: Ariadne (KN2045_Mix) | C54: Kommerzieller Sektor | D54: EUR2020/GJ | E54: 59.080322 | J54: 58.215039 | O54: 53.694578 | T54: 51.01249 | Y54: 51.401498 | AD54: 51.848501 | AE54: https://explorer.ariadneprojekt.de/
A55: Strom | B55: Ariadne (KN2045_Mix) | C55: Kommerzieller Sektor; Wärme | D55: EUR2020/GJ | E55: 50.407285 | J55: 48.751253 | O55: 44.9267 | T55: 42.940153 | Y55: 42.367163 | AD55: 41.851868 | AE55: https://explorer.ariadneprojekt.de/
A56: Strom | B56: Ariadne PyPSA (KN2045_Mix) | C56: Haushalte | D56: EUR2020/GJ | E56: 89.166667 | J56: 78.972222 | O56: 72.138889 | T56: 68.555556 | Y56: 64.138889 | AE56: https://explorer.ariadneprojekt.de/
A57: Strom | B57: Agora-KN45 (2024) | C57: Endkundenpreis Strom - Haushalte | D57: Cent2022/kWh | E57: 35.082027 | J57: 38.722012 | O57: 36.27361 | T57: 36.23392 | Y57: 33.897629 | AE57: https://www.agora-energiewende.de/publikationen/klimaneutrales-deutschland-studie
A58: Strom | B58: Agora-KN45 (2024) | C58: Endkundenpreis Strom - Haushalte, WP-Tarif | D58: Cent2022/kWh | E58: 23.909952 | J58: 24.940741 | O58: 27.36 | T58: 28.4 | Y58: 27.21 | AE58: https://www.agora-energiewende.de/publikationen/klimaneutrales-deutschland-studie
A59: Strom | B59: BMWE-Langfristszenarien (2024) | C59: Normaltarif | D59: EUR2018/kWh | E59: 0.32 | J59: 0.32 | O59: 0.33 | T59: 0.35 | Y59: 0.35 | AE59: https://langfristszenarien.de/enertile-explorer-wAssets/docs/20240924_Gebaeudebericht.pdf
A60: Strom | B60: BMWE-Langfristszenarien (2024) | C60: Wärmepumpentarif | D60: EUR2018/kWh | E60: 0.24 | J60: 0.238 | O60: 0.25 | T60: 0.26 | Y60: 0.26 | AE60: https://langfristszenarien.de/enertile-explorer-wAssets/docs/20240924_Gebaeudebericht.pdf
A61: Öl | B61: UBA-Projektionsbericht (2026) | C61: Erdölprodukte - Diesel - Endverbraucherpreis inkl. MwSt. | D61: EUR2024/l | E61: 1.62 | F61: 1.59 | G61: 1.61 | H61: 1.63 | I61: 1.66 | J61: 1.68 | K61: 1.7 | L61: 1.72 | M61: 1.74 | N61: 1.76 | O61: 1.77 | P61: 1.79 | Q61: 1.81 | R61: 1.82 | S61: 1.84 | T61: 1.85 | U61: 1.86 | V61: 1.87 | W61: 1.88 | X61: 1.89 | Y61: 1.9 | Z61: 1.91 | AA61: 1.92 | AB61: 1.93 | AC61: 1.93 | AD61: 1.94 | AE61: https://www.umweltbundesamt.de/publikationen/rahmendaten-endverbrauchspreise-fur-die
A62: Öl | B62: UBA-Projektionsbericht (2026) | C62: davon Diesel - Beschaffung und Vertrieb | D62: EUR2024/l | E62: 0.77 | F62: 0.73 | G62: 0.73 | H62: 0.73 | I62: 0.73 | J62: 0.74 | K62: 0.73 | L62: 0.73 | M62: 0.73 | N62: 0.73 | O62: 0.73 | P62: 0.73 | Q62: 0.73 | R62: 0.73 | S62: 0.72 | T62: 0.72 | U62: 0.72 | V62: 0.72 | W62: 0.71 | X62: 0.71 | Y62: 0.71 | Z62: 0.7 | AA62: 0.7 | AB62: 0.69 | AC62: 0.69 | AD62: 0.69 | AE62: https://www.umweltbundesamt.de/publikationen/rahmendaten-endverbrauchspreise-fur-die
A63: Öl | B63: UBA-Projektionsbericht (2026) | C63: davon Diesel - CO2-Preisaufschlag | D63: EUR2024/l | E63: 0.14 | F63: 0.16 | G63: 0.19 | H63: 0.22 | I63: 0.25 | J63: 0.28 | K63: 0.31 | L63: 0.33 | M63: 0.36 | N63: 0.38 | O63: 0.4 | P63: 0.43 | Q63: 0.45 | R63: 0.47 | S63: 0.49 | T63: 0.51 | U63: 0.53 | V63: 0.54 | W63: 0.56 | X63: 0.58 | Y63: 0.59 | Z63: 0.61 | AA63: 0.62 | AB63: 0.64 | AC63: 0.65 | AD63: 0.66 | AE63: https://www.umweltbundesamt.de/publikationen/rahmendaten-endverbrauchspreise-fur-die
A64: Öl | B64: UBA-Projektionsbericht (2026) | C64: davon Diesel - Energiesteuer | D64: EUR2024/l | E64: 0.46 | F64: 0.44 | G64: 0.43 | H64: 0.42 | I64: 0.41 | J64: 0.4 | K64: 0.39 | L64: 0.38 | M64: 0.37 | N64: 0.37 | O64: 0.36 | P64: 0.35 | Q64: 0.34 | R64: 0.34 | S64: 0.33 | T64: 0.33 | U64: 0.32 | V64: 0.32 | W64: 0.31 | X64: 0.31 | Y64: 0.3 | Z64: 0.3 | AA64: 0.29 | AB64: 0.29 | AC64: 0.28 | AD64: 0.28 | AE64: https://www.umweltbundesamt.de/publikationen/rahmendaten-endverbrauchspreise-fur-die
A65: Öl | B65: UBA-Projektionsbericht (2026) | C65: davon Diesel - MwSt. | D65: EUR2024/l | E65: 0.26 | F65: 0.25 | G65: 0.26 | H65: 0.26 | I65: 0.26 | J65: 0.27 | K65: 0.27 | L65: 0.27 | M65: 0.28 | N65: 0.28 | O65: 0.28 | P65: 0.29 | Q65: 0.29 | R65: 0.29 | S65: 0.29 | T65: 0.3 | U65: 0.3 | V65: 0.3 | W65: 0.3 | X65: 0.3 | Y65: 0.3 | Z65: 0.31 | AA65: 0.31 | AB65: 0.31 | AC65: 0.31 | AD65: 0.31 | AE65: https://www.umweltbundesamt.de/publikationen/rahmendaten-endverbrauchspreise-fur-die
A66: Öl | B66: UBA-Projektionsbericht (2026) | C66: Erdölprodukte - Super - Endverbraucherpreis inkl. MwSt. | D66: EUR2024/l | E66: 1.8 | F66: 1.75 | G66: 1.76 | H66: 1.77 | I66: 1.79 | J66: 1.8 | K66: 1.81 | L66: 1.82 | M66: 1.83 | N66: 1.84 | O66: 1.86 | P66: 1.86 | Q66: 1.87 | R66: 1.88 | S66: 1.89 | T66: 1.9 | U66: 1.91 | V66: 1.91 | W66: 1.92 | X66: 1.92 | Y66: 1.92 | Z66: 1.93 | AA66: 1.93 | AB66: 1.93 | AC66: 1.94 | AD66: 1.94 | AE66: https://www.umweltbundesamt.de/publikationen/rahmendaten-endverbrauchspreise-fur-die
A67: Öl | B67: UBA-Projektionsbericht (2026) | C67: davon Super - Beschaffung und Vertrieb | D67: EUR2024/l | E67: 0.75 | F67: 0.72 | G67: 0.71 | H67: 0.71 | I67: 0.72 | J67: 0.72 | K67: 0.72 | L67: 0.72 | M67: 0.72 | N67: 0.72 | O67: 0.71 | P67: 0.71 | Q67: 0.71 | R67: 0.71 | S67: 0.71 | T67: 0.71 | U67: 0.7 | V67: 0.7 | W67: 0.7 | X67: 0.69 | Y67: 0.69 | Z67: 0.69 | AA67: 0.68 | AB67: 0.68 | AC67: 0.68 | AD67: 0.67 | AE67: https://www.umweltbundesamt.de/publikationen/rahmendaten-endverbrauchspreise-fur-die
A68: Öl | B68: UBA-Projektionsbericht (2026) | C68: davon Super - CO2-Preisaufschlag | D68: EUR2024/l | E68: 0.12 | F68: 0.14 | G68: 0.17 | H68: 0.19 | I68: 0.22 | J68: 0.24 | K68: 0.26 | L68: 0.28 | M68: 0.31 | N68: 0.33 | O68: 0.35 | P68: 0.36 | Q68: 0.38 | R68: 0.4 | S68: 0.42 | T68: 0.43 | U68: 0.45 | V68: 0.47 | W68: 0.48 | X68: 0.49 | Y68: 0.51 | Z68: 0.52 | AA68: 0.53 | AB68: 0.55 | AC68: 0.56 | AD68: 0.57 | AE68: https://www.umweltbundesamt.de/publikationen/rahmendaten-endverbrauchspreise-fur-die
A69: Öl | B69: UBA-Projektionsbericht (2026) | C69: davon Super - Energiesteuer | D69: EUR2024/l | E69: 0.63 | F69: 0.62 | G69: 0.6 | H69: 0.58 | I69: 0.57 | J69: 0.55 | K69: 0.54 | L69: 0.53 | M69: 0.52 | N69: 0.51 | O69: 0.5 | P69: 0.49 | Q69: 0.48 | R69: 0.47 | S69: 0.46 | T69: 0.45 | U69: 0.45 | V69: 0.44 | W69: 0.43 | X69: 0.43 | Y69: 0.42 | Z69: 0.41 | AA69: 0.4 | AB69: 0.4 | AC69: 0.39 | AD69: 0.39 | AE69: https://www.umweltbundesamt.de/publikationen/rahmendaten-endverbrauchspreise-fur-die
A70: Öl | B70: UBA-Projektionsbericht (2026) | C70: davon Super - MwSt. | D70: EUR2024/l | E70: 0.29 | F70: 0.28 | G70: 0.28 | H70: 0.28 | I70: 0.29 | J70: 0.29 | K70: 0.29 | L70: 0.29 | M70: 0.29 | N70: 0.29 | O70: 0.3 | P70: 0.3 | Q70: 0.3 | R70: 0.3 | S70: 0.3 | T70: 0.3 | U70: 0.3 | V70: 0.31 | W70: 0.31 | X70: 0.31 | Y70: 0.31 | Z70: 0.31 | AA70: 0.31 | AB70: 0.31 | AC70: 0.31 | AD70: 0.31 | AE70: https://www.umweltbundesamt.de/publikationen/rahmendaten-endverbrauchspreise-fur-die
A71: Öl | B71: UBA-Projektionsbericht (2026) | C71: Erdölprodukte - Heizöl - Endverbraucherpreis inkl. MwSt. | D71: EUR2024/l | E71: 0.98008894 | F71: 0.95888008 | G71: 0.98883024 | H71: 1.0271296 | I71: 1.0630565 | J71: 1.0981523 | K71: 1.1266201 | L71: 1.1542324 | M71: 1.1807801 | N71: 1.206262 | O71: 1.2307396 | P71: 1.2542832 | Q71: 1.2769657 | R71: 1.2987871 | S71: 1.3197831 | T71: 1.3399914 | U71: 1.3569533 | V71: 1.3731846 | W71: 1.3887094 | X71: 1.4035475 | Y71: 1.4177095 | Z71: 1.4312024 | AA71: 1.4440218 | AB71: 1.4561682 | AC71: 1.4676451 | AD71: 1.4784614 | AE71: https://www.umweltbundesamt.de/publikationen/rahmendaten-endverbrauchspreise-fur-die
A72: Öl | B72: UBA-Projektionsbericht (2026) | C72: davon Heizöl - Beschaffung und Vertrieb | D72: EUR2024/l | E72: 0.6237075 | F72: 0.58680493 | G72: 0.58201938 | H72: 0.58594602 | I72: 0.58932638 | J72: 0.59271366 | K72: 0.5913684 | L72: 0.59002314 | M72: 0.58867788 | N72: 0.58733262 | O72: 0.58598735 | P72: 0.58464209 | Q72: 0.58329683 | R72: 0.58195157 | S72: 0.58060631 | T72: 0.57926105 | U72: 0.57582085 | V72: 0.57237885 | W72: 0.56893416 | X72: 0.56548557 | Y72: 0.56203101 | Z72: 0.55856877 | AA72: 0.55509745 | AB72: 0.5516161 | AC72: 0.54812592 | AD72: 0.54463305 | AE72: https://www.umweltbundesamt.de/publikationen/rahmendaten-endverbrauchspreise-fur-die
... A75: Öl | B75: UBA-Projektionsbericht (2026) | C75: davon Heizöl - MwSt. | D75: EUR2024/l | E75: 0.15648479 | F75: 0.1530985 | G75: 0.15788046 | H75: 0.16399548 | I75: 0.16973171 | J75: 0.17533524 | K75: 0.17988052 | L75: 0.18428921 | M75: 0.18852791 | N75: 0.19259645 | O75: 0.19650465 | P75: 0.20026371 | Q75: 0.20388528 | R75: 0.20736936 | S75: 0.21072167 | T75: 0.21394821 | U75: 0.2166564 | V75: 0.21924795 | W75: 0.22172671 | X75: 0.22409583 | Y75: 0.22635698 | Z75: 0.22851131 | AA75: 0.2305581 | AB75: 0.23249744 | AC75: 0.23432989 | AD75: 0.23605686 | AE75: https://www.umweltbundesamt.de/publikationen/rahmendaten-endverbrauchspreise-fur-die
A76: Öl | B76: Ariadne (KN2045_Mix) | C76: Öl - Endverbraucher | D76: EUR2020/GJ | E76: 23.67 | J76: 38.9 | O76: 46.43 | T76: 53.97 | Y76: 61.52 | AD76: 61.3 | AE76: https://explorer.ariadneprojekt.de/
A77: Biomasse | B77: UBA-Projektionsbericht (2026) | C77: Holzpellets - Endverbraucherpreis inkl. MwSt. | D77: EUR2024/MWh | E77: 62.02 | F77: 58.18 | G77: 58.3 | H77: 58.04 | I77: 57.9 | J77: 57.63 | K77: 58.3 | L77: 59.63 | M77: 61.15 | N77: 62.63 | O77: 64.07 | P77: 65.48 | Q77: 66.86 | R77: 68.21 | S77: 69.53 | T77: 70.82 | U77: 72.9 | V77: 75.01 | W77: 77.11 | X77: 79.18 | Y77: 81.24 | Z77: 82.56 | AA77: 83.85 | AB77: 85.12 | AC77: 86.37 | AD77: 87.6 | AE77: https://www.umweltbundesamt.de/publikationen/rahmendaten-endverbrauchspreise-fur-die
A78: Biomasse | B78: UBA-Projektionsbericht (2026) | C78: Scheitholz - Endverbraucherpreis inkl. MwSt. | D78: EUR2024/MWh | E78: 92.74 | F78: 86.99 | G78: 87.16 | H78: 86.78 | I78: 86.57 | J78: 86.17 | K78: 87.18 | L78: 89.16 | M78: 91.43 | N78: 93.64 | O78: 95.8 | P78: 97.91 | Q78: 99.98 | R78: 101.99 | S78: 103.96 | T78: 105.9 | U78: 109.01 | V78: 112.16 | W78: 115.3 | X78: 118.4 | Y78: 121.46 | Z78: 123.44 | AA78: 125.38 | AB78: 127.28 | AC78: 129.15 | AD78: 130.98 | AE78: https://www.umweltbundesamt.de/publikationen/rahmendaten-endverbrauchspreise-fur-die
A79: Biomasse | B79: UBA-Projektionsbericht (2026) | C79: Hackschnitzel WG 20 - Endverbraucherpreis inkl. MwSt. | D79: EUR2024/MWh | E79: 36.53 | F79: 34.27 | G79: 34.34 | H79: 34.19 | I79: 34.1 | J79: 33.95 | K79: 34.34 | L79: 35.13 | M79: 36.02 | N79: 36.89 | O79: 37.74 | P79: 38.57 | Q79: 39.39 | R79: 40.18 | S79: 40.96 | T79: 41.72 | U79: 42.94 | V79: 44.18 | W79: 45.42 | X79: 46.64 | Y79: 47.85 | Z79: 48.63 | AA79: 49.39 | AB79: 50.14 | AC79: 50.88 | AD79: 51.6 | AE79: https://www.umweltbundesamt.de/publikationen/rahmendaten-endverbrauchspreise-fur-die
A80: Biomasse | B80: UBA-Projektionsbericht (2026) | C80: Hackschnitzel WG 35 - Endverbraucherpreis inkl. MwSt. | D80: EUR2024/MWh | E80: 28.43 | F80: 26.67 | G80: 26.73 | H80: 26.61 | I80: 26.54 | J80: 26.42 | K80: 26.73 | L80: 27.34 | M80: 28.03 | N80: 28.71 | O80: 29.37 | P80: 30.02 | Q80: 30.65 | R80: 31.27 | S80: 31.88 | T80: 32.47 | U80: 33.42 | V80: 34.39 | W80: 35.35 | X80: 36.3 | Y80: 37.24 | Z80: 37.85 | AA80: 38.44 | AB80: 39.03 | AC80: 39.6 | AD80: 40.16 | AE80: https://www.umweltbundesamt.de/publikationen/rahmendaten-endverbrauchspreise-fur-die
A81: Biomasse | B81: BMWE-Langfristszenarien (2024) | C81: Holzpellets - Endverbraucherpreis inkl. MwSt. | D81: EUR2018/kWh | E81: 0.0663 | J81: 0.0494 | O81: 0.0484 | T81: 0.0474 | Y81: 0.0465 | AE81: https://langfristszenarien.de/enertile-explorer-wAssets/docs/20240924_Gebaeudebericht.pdf
A82: Biomasse | B82: BMWE-Langfristszenarien (2024) | C82: Hackschnitzel - Endverbraucherpreis inkl. MwSt. | D82: EUR2018/kWh | E82: 0.0278 | J82: 0.0207 | O82: 0.0203 | T82: 0.0199 | Y82: 0.0195 | AE82: https://langfristszenarien.de/enertile-explorer-wAssets/docs/20240924_Gebaeudebericht.pdf
A83: Biomasse | B83: BMWE-Langfristszenarien (2024) | C83: Scheitholz - Endverbraucherpreis inkl. MwSt. | D83: EUR2018/kWh | E83: 0.0835 | J83: 0.0636 | O83: 0.0623 | T83: 0.0611 | Y83: 0.0598 | AE83: https://langfristszenarien.de/enertile-explorer-wAssets/docs/20240924_Gebaeudebericht.pdf
A84: Fernwärme | B84: UBA-Projektionsbericht (2026) | C84: Fernwärme - Endverbraucherpreis ohne MwSt. | D84: EUR2024/MWh | E84: 143.69 | F84: 134.79 | G84: 135.06 | H84: 134.47 | I84: 134.14 | J84: 133.52 | K84: 135.08 | L84: 138.15 | M84: 137.36 | N84: 137.59 | O84: 137.15 | P84: 136.95 | Q84: 135.72 | R84: 134.61 | S84: 133.02 | T84: 131.21 | U84: 129.67 | V84: 128.96 | W84: 128.07 | X84: 127.94 | Y84: 127.48 | Z84: 127.81 | AA84: 127.46 | AB84: 126.97 | AC84: 126.56 | AD84: 126.16 | AE84: https://www.umweltbundesamt.de/publikationen/rahmendaten-endverbrauchspreise-fur-die
A85: Fernwärme | B85: Agora-WN (2024) | C85: Großberg: ohne Förderung | D85: EUR2023/MWh | E85: 159 | J85: 159 | O85: 171 | T85: 155 | Y85: 158 | AE85: Wärmenetze: klimaneutral, wirtschaftlich und bezahlbar
A86: Fernwärme | B86: Agora-WN (2024) | C86: Mittelberg: ohne Förderung | D86: EUR2023/MWh | E86: 121 | J86: 136 | O86: 138 | T86: 164 | Y86: 151 | AE86: Wärmenetze: klimaneutral, wirtschaftlich und bezahlbar
A87: Fernwärme | B87: Agora-WN (2024) | C87: Landberg: ohne Förderung | D87: EUR2023/MWh | E87: 177 | J87: 164 | O87: 172 | T87: 163 | Y87: 179 | AE87: Wärmenetze: klimaneutral, wirtschaftlich und bezahlbar
A88: Fernwärme | B88: BMWE-Langfristszenarien (2024) | C88: Fernwärme - Endverbraucher | D88: EUR2018/kWh | E88: 0.0927 | J88: 0.083 | O88: 0.0823 | T88: 0.0856 | Y88: 0.0872 | AE88: https://langfristszenarien.de/enertile-explorer-wAssets/docs/20240924_Gebaeudebericht.pdf
A89: Wasserstoff | B89: UBA-Projektionsbericht (2026) | C89: Wasserstoff grün Haushalt - Endverbraucherpreis inkl. MwSt. | D89: EUR2024/MWh | L89: 266.07627 | M89: 259.70385 | N89: 253.33144 | O89: 246.95902 | P89: 242.61546 | Q89: 238.2719 | R89: 233.92834 | S89: 229.58479 | T89: 225.24123 | U89: 221.02005 | V89: 216.79888 | W89: 212.5777 | X89: 208.35653 | Y89: 204.13535 | Z89: 203.22344 | AA89: 202.31152 | AB89: 201.3996 | AC89: 200.48769 | AD89: 199.57577 | AE89: https://www.umweltbundesamt.de/publikationen/rahmendaten-endverbrauchspreise-fur-die
A90: Wasserstoff | B90: UBA-Projektionsbericht (2026) | C90: davon H2 grün Haushalt - Beschaffung und Vertrieb | D90: EUR2024/MWh | L90: 146.7191 | M90: 143.49256 | N90: 140.26601 | O90: 137.03946 | P90: 135.51784 | Q90: 133.99622 | R90: 132.47459 | S90: 130.95297 | T90: 129.43134 | U90: 127.19394 | V90: 124.95653 | W90: 122.71912 | X90: 120.48172 | Y90: 118.24431 | Z90: 117.478 | AA90: 116.71168 | AB90: 115.94537 | AC90: 115.17905 | AD90: 114.41273 | AE90: https://www.umweltbundesamt.de/publikationen/rahmendaten-endverbrauchspreise-fur-die
A91: Wasserstoff | B91: UBA-Projektionsbericht (2026) | C91: davon H2 grün Haushalt - Netzentgelte | D91: EUR2024/MWh | L91: 76.8744 | M91: 74.745975 | N91: 72.61755 | O91: 70.489125 | P91: 68.3607 | Q91: 66.232275 | R91: 64.10385 | S91: 61.975425 | T91: 59.847 | U91: 58.5372 | V91: 57.2274 | W91: 55.9176 | X91: 54.6078 | Y91: 53.298 | Z91: 53.298 | AA91: 53.298 | AB91: 53.298 | AC91: 53.298 | AD91: 53.298 | AE91: https://www.umweltbundesamt.de/publikationen/rahmendaten-endverbrauchspreise-fur-die
A92: Wasserstoff | B92: UBA-Projektionsbericht (2026) | C92: davon H2 grün Haushalt - MwSt. | D92: EUR2024/MWh | L92: 42.482766 | M92: 41.465321 | N92: 40.447876 | O92: 39.430432 | P92: 38.736922 | Q92: 38.043413 | R92: 37.349904 | S92: 36.656394 | T92: 35.962885 | U92: 35.288916 | V92: 34.614947 | W92: 33.940978 | X92: 33.267008 | Y92: 32.593039 | Z92: 32.447439 | AA92: 32.301839 | AB92: 32.156239 | AC92: 32.010639 | AD92: 31.865039 | AE92: https://www.umweltbundesamt.de/publikationen/rahmendaten-endverbrauchspreise-fur-die
A93: Wasserstoff | B93: UBA-Projektionsbericht (2026) | C93: Wasserstoff grün Tankstelle - Endverbraucherpreis | D93: EUR2024/MWh | E93: 337.64716 | F93: 337.14411 | G93: 323.79033 | H93: 313.98007 | I93: 298.2723 | J93: 278.41208 | K93: 275.77444 | L93: 249.6935 | M93: 244.33853 | N93: 238.98356 | O93: 233.62859 | P93: 229.97854 | Q93: 226.32849 | R93: 222.67844 | S93: 219.02839 | T93: 215.37834 | U93: 211.83114 | V93: 208.28393 | W93: 204.73672 | X93: 201.18952 | Y93: 197.64231 | Z93: 196.876 | AA93: 196.10968 | AB93: 195.34337 | AC93: 194.57705 | AD93: 193.81073 | AE93: https://www.umweltbundesamt.de/publikationen/rahmendaten-endverbrauchspreise-fur-die
A94: Wasserstoff | B94: UBA-Projektionsbericht (2026) | C94: davon H2 grün Tankstelle - Beschaffung und Vertrieb | D94: EUR2024/MWh | E94: 307.19716 | F94: 306.69411 | G94: 293.34033 | H94: 283.53007 | I94: 267.8223 | J94: 247.96208 | K94: 245.32444 | L94: 146.7191 | M94: 143.49256 | N94: 140.26601 | O94: 137.03946 | P94: 135.51784 | Q94: 133.99622 | R94: 132.47459 | S94: 130.95297 | T94: 129.43134 | U94: 127.19394 | V94: 124.95653 | W94: 122.71912 | X94: 120.48172 | Y94: 118.24431 | Z94: 117.478 | AA94: 116.71168 | AB94: 115.94537 | AC94: 115.17905 | AD94: 114.41273 | AE94: https://www.umweltbundesamt.de/publikationen/rahmendaten-endverbrauchspreise-fur-die
A95: Wasserstoff | B95: UBA-Projektionsbericht (2026) | C95: davon H2 grün Tankstelle - Netzentgelte und Tankstellenbetrieb | D95: EUR2024/MWh | E95: 30.45 | F95: 30.45 | G95: 30.45 | H95: 30.45 | I95: 30.45 | J95: 30.45 | K95: 30.45 | L95: 102.9744 | M95: 100.84597 | N95: 98.71755 | O95: 96.589125 | P95: 94.4607 | Q95: 92.332275 | R95: 90.20385 | S95: 88.075425 | T95: 85.947 | U95: 84.6372 | V95: 83.3274 | W95: 82.0176 | X95: 80.7078 | Y95: 79.398 | Z95: 79.398 | AA95: 79.398 | AB95: 79.398 | AC95: 79.398 | AD95: 79.398 | AE95: https://www.umweltbundesamt.de/publikationen/rahmendaten-endverbrauchspreise-fur-die
A96: Wasserstoff | B96: UBA-Projektionsbericht (2026) | C96: Wasserstoff grün industrieller Großverbraucher - Endverbraucherpreis | D96: EUR2024/MWh | L96: 161.7191 | M96: 161.7191 | N96: 161.7191 | O96: 152.03946 | P96: 150.51784 | Q96: 148.99622 | R96: 147.47459 | S96: 145.95297 | T96: 144.43134 | U96: 142.19394 | V96: 139.95653 | W96: 137.71912 | X96: 135.48172 | Y96: 133.24431 | Z96: 132.478 | AA96: 131.71168 | AB96: 130.94537 | AC96: 130.17905 | AD96: 129.41273 | AE96: https://www.umweltbundesamt.de/publikationen/rahmendaten-endverbrauchspreise-fur-die
A97: Wasserstoff | B97: UBA-Projektionsbericht (2026) | C97: davon H2 grün Großverbraucher - Beschaffung und Vertrieb | D97: EUR2024/MWh | L97: 146.7191 | M97: 146.7191 | N97: 146.7191 | O97: 137.03946 | P97: 135.51784 | Q97: 133.99622 | R97: 132.47459 | S97: 130.95297 | T97: 129.43134 | U97: 127.19394 | V97: 124.95653 | W97: 122.71912 | X97: 120.48172 | Y97: 118.24431 | Z97: 117.478 | AA97: 116.71168 | AB97: 115.94537 | AC97: 115.17905 | AD97: 114.41273 | AE97: https://www.umweltbundesamt.de/publikationen/rahmendaten-endverbrauchspreise-fur-die
A98: Wasserstoff | B98: UBA-Projektionsbericht (2026) | C98: davon H2 grün Großverbraucher - Netzentgelte | D98: EUR2024/MWh | L98: 15 | M98: 15 | N98: 15 | O98: 15 | P98: 15 | Q98: 15 | R98: 15 | S98: 15 | T98: 15 | U98: 15 | V98: 15 | W98: 15 | X98: 15 | Y98: 15 | Z98: 15 | AA98: 15 | AB98: 15 | AC98: 15 | AD98: 15 | AE98: https://www.umweltbundesamt.de/publikationen/rahmendaten-endverbrauchspreise-fur-die
A99: Wasserstoff | B99: UBA-Projektionsbericht (2026) | C99: Wasserstoff grün Großverbraucher - Endverbraucherpreis lokale Produktion | D99: EUR2024/MWh | E99: 336.97989 | F99: 322.00175 | G99: 307.0236 | H99: 292.04545 | I99: 277.06731 | J99: 262.08916 | K99: 247.11101 | AE99: https://www.umweltbundesamt.de/publikationen/rahmendaten-endverbrauchspreise-fur-die
A100: Wasserstoff | B100: UBA-Projektionsbericht (2026) | C100: Wasserstoff grün Großverbraucher - Endverbraucherpreis Import H2 Global | D100: EUR2024/MWh | E100: 185.99325 | F100: 182.19957 | G100: 178.55153 | H100: 175.09571 | I100: 171.86272 | J100: 169.04115 | K100: 166.47611 | AE100: https://www.umweltbundesamt.de/publikationen/rahmendaten-endverbrauchspreise-fur-die
A101: Wasserstoff | B101: UBA-Projektionsbericht (2026) | C101: Wasserstoff blau industrieller Großverbraucher - Endverbraucherpreis | D101: EUR2024/MWh | L101: 121.77337 | M101: 121.53586 | N101: 121.29835 | O101: 121.06084 | P101: 119.35998 | Q101: 117.65913 | R101: 115.95828 | S101: 114.25743 | T101: 112.55658 | U101: 111.20915 | V101: 109.86171 | W101: 108.51427 | X101: 107.16684 | Y101: 105.8194 | Z101: 105.5036 | AA101: 105.1878 | AB101: 104.872 | AC101: 104.5562 | AD101: 104.2404 | AE101: https://www.umweltbundesamt.de/publikationen/rahmendaten-endverbrauchspreise-fur-die
A102: Wasserstoff | B102: UBA-Projektionsbericht (2026) | C102: davon H2 blau Großverbraucher - Beschaffung und Vertrieb | D102: EUR2024/MWh | L102: 106.77337 | M102: 106.53586 | N102: 106.29835 | O102: 106.06084 | P102: 104.35998 | Q102: 102.65913 | R102: 100.95828 | S102: 99.257433 | T102: 97.556583 | U102: 96.209147 | V102: 94.861711 | W102: 93.514275 | X102: 92.166839 | Y102: 90.819403 | Z102: 90.503602 | AA102: 90.187801 | AB102: 89.872 | AC102: 89.5562 | AD102: 89.240399 | AE102: https://www.umweltbundesamt.de/publikationen/rahmendaten-endverbrauchspreise-fur-die
A103: Wasserstoff | B103: UBA-Projektionsbericht (2026) | C103: davon H2 blau Großverbraucher - Netzentgelte | D103: EUR2024/MWh | L103: 15 | M103: 15 | N103: 15 | O103: 15 | P103: 15 | Q103: 15 | R103: 15 | S103: 15 | T103: 15 | U103: 15 | V103: 15 | W103: 15 | X103: 15 | Y103: 15 | Z103: 15 | AA103: 15 | AB103: 15 | AC103: 15 | AD103: 15 | AE103: https://www.umweltbundesamt.de/publikationen/rahmendaten-endverbrauchspreise-fur-die
A104: Wasserstoff | B104: UBA-Projektionsbericht (2026) | C104: Wasserstoff grau Tankstelle - Endverbraucherpreis | D104: EUR2024/MWh | E104: 403.36134 | F104: 370.41995 | G104: 350.23807 | H104: 311.89174 | I104: 272.69104 | J104: 233.74507 | K104: 201.2614 | L104: 167.99686 | M104: 168.49942 | N104: 169.00753 | O104: 169.52071 | P104: 168.51718 | Q104: 167.51831 | R104: 166.52332 | S104: 165.53191 | T104: 164.54383 | U104: 163.86011 | V104: 163.25021 | W104: 162.67845 | X104: 162.10917 | Y104: 161.54216 | Z104: 162.17149 | AA104: 162.80262 | AB104: 163.43539 | AC104: 164.06962 | AD104: 164.70518 | AE104: https://www.umweltbundesamt.de/publikationen/rahmendaten-endverbrauchspreise-fur-die
A105: Wasserstoff | B105: UBA-Projektionsbericht (2026) | C105: davon H2 grau Tankstelle - Beschaffung und Vertrieb | D105: EUR2024/MWh | E105: 119.13136 | F105: 100.40146 | G105: 93.720505 | H105: 86.082814 | I105: 77.590745 | J105: 69.353404 | K105: 67.578369 | L105: 65.022457 | M105: 67.653447 | N105: 70.289976 | O105: 72.931589 | P105: 74.056478 | Q105: 75.186034 | R105: 76.319474 | S105: 77.456486 | T105: 78.596834 | U105: 79.222909 | V105: 79.922805 | W105: 80.660849 | X105: 81.401373 | Y105: 82.144163 | Z105: 82.773486 | AA105: 83.404622 | AB105: 84.037386 | AC105: 84.671619 | AD105: 85.307183 | AE105: https://www.umweltbundesamt.de/publikationen/rahmendaten-endverbrauchspreise-fur-die
...

Sheet Gas-Strom-Vergleich
C2: 2025 | D2: 2026 | E2: 2027 | F2: 2028 | G2: 2029 | H2: 2030 | I2: 2031 | J2: 2032 | K2: 2033 | L2: 2034 | M2: 2035 | N2: 2036 | O2: 2037 | P2: 2038 | Q2: 2039 | R2: 2040
B3: dena-Biomethan | E3: 8.15 | F3: 9.8 | G3: 11.26 | H3: 11.73 | I3: 12.35 | J3: 13.42 | K3: 14.44 | L3: 15.15 | M3: 15.82 | N3: 16.59 | O3: 17.74 | P3: 19.51 | Q3: 20.62 | R3: 20.83
A4: Strompreisszenarien | B4: Max | C4: =MAX(C22:C25)-C5 -> 1.5 | D4: =MAX(D22:D25)-D5 -> 2.36 | E4: =MAX(E22:E25)-E5 -> 3.48 | F4: =MAX(F22:F25)-F5 -> 5.32 | G4: =MAX(G22:G25)-G5 -> 7.16 | H4: =MAX(H22:H25)-H5 -> 9 | I4: =MAX(I22:I25)-I5 -> 8.28 | J4: =MAX(J22:J25)-J5 -> 7.56 | ... R4: =MAX(R22:R25)-R5 -> 13
A5: Strompreisszenarien | B5: Min | C5: =MIN(C22:C25) -> 37.2 | D5: =MIN(D22:D25) -> 36.34 | E5: =MIN(E22:E25) -> 35.28 | F5: =MIN(F22:F25) -> 34.22 | G5: =MIN(G22:G25) -> 33.16 | H5: =MIN(H22:H25) -> 32.1 | I5: =MIN(I22:I25) -> 32.3 | J5: =MIN(J22:J25) -> 32.5 | ... R5: =MIN(R22:R25) -> 29.3
A6: Strompreisszenarien | B6: Strompreis (Median) | C6: =MEDIAN(C22:C25) -> 37.8 | D6: =MEDIAN(D22:D25) -> 37.65 | E6: =MEDIAN(E22:E25) -> 37.57 | F6: =MEDIAN(F22:F25) -> 37.13 | G6: =MEDIAN(G22:G25) -> 36.69 | H6: =MEDIAN(H22:H25) -> 36.25 | I6: =MEDIAN(I22:I25) -> 36.08 | J6: =MEDIAN(J22:J25) -> 35.91 | ... R6: =MEDIAN(R22:R25) -> 35.15
A7: Biomethan-Preis dena | B7: min | E7: 7.15666 | F7: 8.2508069 | G7: 9.5588084 | H7: 10.040824 | I7: 10.667399 | J7: 11.412974 | K7: 12.039549 | L7: 12.904124 | M7: 13.478128 | N7: 14.767631 | O7: 15.997634 | P7: 17.287137 | Q7: 19.58814 | R7: 20.713981
A8: Biomethan-Preis dena | B8: Gaspreis (Median) | E8: 8.1483267 | F8: 9.7978069 | G8: 11.264475 | H8: 11.726658 | I8: 12.353233 | J8: 13.416141 | K8: 14.439382 | L8: 15.14529 | M8: 15.818462 | N8: 16.592298 | O8: 17.742967 | P8: 19.50847 | Q8: 20.619473 | R8: 20.832981
A9: Biomethan-Preis dena | B9: max | E9: =E21-E7 -> 1.785 | F9: =F21-F7 -> 4.9676898 | G9: =G21-G7 -> 5.198597 | H9: =H21-H7 -> 5.8789332 | I9: =I21-I7 -> 6.2065386 | J9: =J21-J7 -> 6.0767625 | K9: =K21-K7 -> 7.2559864 | L9: =L21-L7 -> 7.0072103 | ... R9: =R21-R7 -> 3.7010841
C12: =C2 -> 2025 | D12: =D2 -> 2026 | E12: =E2 -> 2027 | F12: =F2 -> 2028 | G12: =G2 -> 2029 | H12: =H2 -> 2030 | I12: =I2 -> 2031 | J12: =J2 -> 2032 | ... R12: =R2 -> 2040
A13: Strompreisszenarien | B13: Max | C13: =MAX(C22:C25)/100-C14 -> 0.015 | D13: =MAX(D22:D25)/100-D14 -> 0.0236 | E13: =MAX(E22:E25)/100-E14 -> 0.0348 | F13: =MAX(F22:F25)/100-F14 -> 0.0532 | G13: =G4/100 -> 0.0716 | H13: =H4/100 -> 0.09 | I13: =I4/100 -> 0.0828 | J13: =J4/100 -> 0.0756 | K13: =K4/100 -> 0.0748 | L13: =L4/100 -> 0.0818 | M13: =M4/100 -> 0.09 | N13: =N4/100 -> 0.098 | ... R13: =R4/100 -> 0.13
A14: Strompreisszenarien | B14: Min | C14: =C5/100 -> 0.372 | D14: =D5/100 -> 0.3634 | E14: =E5/100 -> 0.3528 | F14: =F5/100 -> 0.3422 | G14: =G5/100 -> 0.3316 | H14: =H5/100 -> 0.321 | I14: =I5/100 -> 0.323 | J14: =J5/100 -> 0.325 | ... R14: =R5/100 -> 0.293
A15: Strompreisszenarien | B15: Strompreis (Median) | C15: =C6/100 -> 0.378 | D15: =D6/100 -> 0.3765 | E15: =E6/100 -> 0.3757 | F15: =F6/100 -> 0.3713 | G15: =G6/100 -> 0.3669 | H15: =H6/100 -> 0.3625 | I15: =I6/100 -> 0.3608 | J15: =J6/100 -> 0.3591 | ... R15: =R6/100 -> 0.3515
A16: Biomethan-Preis dena | B16: min | E16: =E7/100 -> 0.0715666 | F16: =F7/100 -> 0.082508069 | G16: =G7/100 -> 0.095588084 | H16: =H7/100 -> 0.10040824 | I16: =I7/100 -> 0.10667399 | J16: =J7/100 -> 0.11412974 | K16: =K7/100 -> 0.12039549 | L16: =L7/100 -> 0.12904124 | ... R16: =R7/100 -> 0.20713981
A17: Biomethan-Preis dena | B17: Gaspreis (Median) | E17: =E8/100 -> 0.081483267 | F17: =F8/100 -> 0.097978069 | G17: =G8/100 -> 0.11264475 | H17: =H8/100 -> 0.11726658 | I17: =I8/100 -> 0.12353233 | J17: =J8/100 -> 0.13416141 | K17: =K8/100 -> 0.14439382 | L17: =L8/100 -> 0.1514529 | ... R17: =R8/100 -> 0.20832981
A18: Biomethan-Preis dena | B18: max | E18: =E9/100 -> 0.01785 | F18: =F9/100 -> 0.049676898 | G18: =G9/100 -> 0.05198597 | H18: =H9/100 -> 0.058789332 | I18: =I9/100 -> 0.062065386 | J18: =J9/100 -> 0.060767625 | K18: =K9/100 -> 0.072559864 | L18: =L9/100 -> 0.070072103 | ... R18: =R9/100 -> 0.037010841
A21: Biomethan-Preis | B21: max | E21: =8.94166 -> 8.94166 | F21: 13.218497 | G21: 14.757405 | H21: 15.919758 | I21: 16.873938 | J21: 17.489737 | K21: 19.295535 | L21: 19.911334 | M21: 20.296898 | N21: 20.804026 | O21: 21.311155 | P21: 24.793283 | Q21: 25.300411 | R21: 24.415066
B22: Ariadne Report (2025) | C22: =B30/10 -> 38.2 | D22: =C22-(($C22-$H22)/5) -> 37.32 | E22: =D22-(($C22-$H22)/5) -> 36.44 | F22: =E22-(($C22-$H22)/5) -> 35.56 | G22: =F22-(($C22-$H22)/5) -> 34.68 | H22: =C30/10 -> 33.8 | I22: =H22-(($H22-$M22)/5) -> 33.22 | J22: =I22-(($H22-$M22)/5) -> 32.64 | K22: =J22-(($H22-$M22)/5) -> 32.06 | L22: =K22-(($H22-$M22)/5) -> 31.48 | M22: =D30/10 -> 30.9 | N22: =M22-(($M22-$R22)/5) -> 30.58 | O22: =N22-(($M22-$R22)/5) -> 30.26 | P22: =O22-(($M22-$R22)/5) -> 29.94 | Q22: =P22-(($M22-$R22)/5) -> 29.62 | R22: =E30/10 -> 29.3
B23: Agora KN45 (2024) | C23: =B31/10 -> 37.2 | D23: =C23-(($C23-$H23)/5) -> 37.98 | E23: =D23-(($C23-$H23)/5) -> 38.76 | F23: =E23-(($C23-$H23)/5) -> 39.54 | G23: =F23-(($C23-$H23)/5) -> 40.32 | H23: =C31/10 -> 41.1 | I23: =H23-(($H23-$M23)/5) -> 40.58 | J23: =I23-(($H23-$M23)/5) -> 40.06 | K23: =J23-(($H23-$M23)/5) -> 39.54 | L23: =K23-(($H23-$M23)/5) -> 39.02 | M23: =D31/10 -> 38.5 | N23: =M23-(($M23-$R23)/5) -> 38.48 | O23: =N23-(($M23-$R23)/5) -> 38.46 | P23: =O23-(($M23-$R23)/5) -> 38.44 | Q23: =P23-(($M23-$R23)/5) -> 38.42 | R23: =E31/10 -> 38.4
B24: Langfristszenarien (2024) | C24: =B32/10 -> 38.7 | D24: =C24-(($C24-$H24)/5) -> 38.7 | E24: =D24-(($C24-$H24)/5) -> 38.7 | F24: =E24-(($C24-$H24)/5) -> 38.7 | G24: =F24-(($C24-$H24)/5) -> 38.7 | H24: =C32/10 -> 38.7 | I24: =H24-(($H24-$M24)/5) -> 38.94 | J24: =I24-(($H24-$M24)/5) -> 39.18 | K24: =J24-(($H24-$M24)/5) -> 39.42 | L24: =K24-(($H24-$M24)/5) -> 39.66 | M24: =D32/10 -> 39.9 | N24: =M24-(($M24-$R24)/5) -> 40.38 | O24: =N24-(($M24-$R24)/5) -> 40.86 | P24: =O24-(($M24-$R24)/5) -> 41.34 | Q24: =P24-(($M24-$R24)/5) -> 41.82 | R24: =E32/10 -> 42.3
B25: Projektionsbericht (2026) | C25: =B33/10 -> 37.4 | D25: =C25-(($C25-$H25)/5) -> 36.34 | E25: =D25-(($C25-$H25)/5) -> 35.28 | F25: =E25-(($C25-$H25)/5) -> 34.22 | G25: =F25-(($C25-$H25)/5) -> 33.16 | H25: =C33/10 -> 32.1 | I25: =H25-(($H25-$M25)/5) -> 32.3 | J25: =I25-(($H25-$M25)/5) -> 32.5 | K25: =J25-(($H25-$M25)/5) -> 32.7 | L25: =K25-(($H25-$M25)/5) -> 32.9 | M25: =D33/10 -> 33.1 | N25: =M25-(($M25-$R25)/5) -> 32.86 | O25: =N25-(($M25-$R25)/5) -> 32.62 | P25: =O25-(($M25-$R25)/5) -> 32.38 | Q25: =P25-(($M25-$R25)/5) -> 32.14 | R25: =E33/10 -> 31.9
A28: Strom
B29: 2025 | C29: 2030 | D29: 2035 | E29: 2040 | F29: 2045
A30: Ariadne Report (2025) | B30: 382 | C30: 338 | D30: 309 | E30: 293 | F30: 275
A31: Agora KN45 (2024) | B31: 372 | C31: 411 | D31: 385 | E31: 384 | F31: 359
A32: Langfristszenarien (2024) | B32: 387 | C32: 387 | D32: 399 | E32: 423 | F32: 423 | J32: Verhältnis
A33: Projektionsbericht (2026) | B33: 374 | C33: 321 | D33: 331 | E33: 319 | F33: 326 | J33: Szenario | K33: 2025 | L33: 2030 | M33: 2035 | N33: 2040 | O33: 2045 | R33: 2025 | S33: 2030 | T33: 2035 | U33: 2040 | V33: 2045
J34: Ariadne Report (2025) | K34: =B30/B39 -> 3.7561455 | L34: =C30/C39 -> 2.8331936 | M34: =D30/D39 -> 2.1653819 | N34: =E30/E39 -> 1.632312 | O34: =F30/F39 -> 1.2661142 | Q34: Ariadne Report (2025) | R34: =B39/B30 -> 0.26623037 | S34: =C39/C30 -> 0.35295858 | T34: =D39/D30 -> 0.4618123 | U34: =E39/E30 -> 0.61262799 | V34: =F39/F30 -> 0.78981818
J35: Agora KN45 (2024) | K35: =B31/B40 -> 3.0769231 | L35: =C31/C40 -> 3.1518405 | M35: =D31/D40 -> 2.9547199 | N35: =E31/E40 -> 2.8152493 | O35: =F31/F40 -> 2.1105232 | Q35: Agora KN45 (2024) | R35: =B40/B31 -> 0.325 | S35: =C40/C31 -> 0.31727494 | T35: =D40/D31 -> 0.33844156 | U35: =E40/E31 -> 0.35520833 | V35: =F40/F31 -> 0.47381616
A36: Gas | J36: Langfristszenarien (2024) | K36: =B32/B41 -> 3.1983471 | L36: =C32/C41 -> 3.3218884 | M36: =D32/D41 -> 2.7479339 | N36: =E32/E41 -> 2.1849174 | O36: =F32/F41 -> 2.1849174 | Q36: Langfristszenarien (2024) | R36: =B41/B32 -> 0.3126615 | S36: =C41/C32 -> 0.30103359 | T36: =D41/D32 -> 0.36390977 | U36: =E41/E32 -> 0.45768322 | V36: =F41/F32 -> 0.45768322
J37: Projektionsbericht (2026) | K37: =B33/B42 -> 2.9612035 | L37: =C33/C42 -> 2.7365729 | M37: =D33/D42 -> 2.5363985 | N37: =E33/E42 -> 2.2122053 | O37: =F33/F42 -> 1.9709794 | Q37: Projektionsbericht (2026) | R37: =B42/B33 -> 0.33770053 | S37: =C42/C33 -> 0.36542056 | T37: =D42/D33 -> 0.39425982 | U37: =E42/E33 -> 0.45203762 | V37: =F42/F33 -> 0.50736196
B38: 2025 | C38: 2030 | D38: 2035 | E38: 2040 | F38: 2045 | J38: Projektionsbericht Biomethan | K38: =B33/B43 -> 2.0326087 | L38: =C33/C43 -> 1.9814815 | M38: =D33/D43 -> 1.8388889 | N38: =E33/E43 -> 1.6030151 | O38: =F33/F43 -> 1.4618834 | Q38: Projektionsbericht Biomethan
A39: Ariadne Report (2025) | B39: 101.7 | C39: 119.3 | D39: 142.7 | E39: 179.5 | F39: 217.2
A40: Agora KN45 (2024) | B40: 120.9 | C40: 130.4 | D40: 130.3 | E40: 136.4 | F40: 170.1
A41: Langfristszenarien (2024) | B41: 121 | C41: 116.5 | D41: 145.2 | E41: 193.6 | F41: 193.6
A42: Projektionsbericht (2026) | B42: 126.3 | C42: 117.3 | D42: 130.5 | E42: 144.2 | F42: 165.4
A43: Projektionsbericht Biomethan | B43: 184 | C43: 162 | D43: 180 | E43: 199 | F43: 223
